Workbook

Sheet Eletricista
A1: MANUTENÇÃO PREDIAL - Regime de Tributação: Lucro Real
A2: ANEXO I do TR do Pregão IFSul nº XX/2022 - CONTA VINCULADA Câmpus Pelotas - Visconde da Graça PLANILHA DE CUSTOS E FORMAÇÃO DE PREÇOS
A3: Nº do processo: | H3: 23341.000967.2021-69
A4: Licitação nº:
A5: Dia:
A6: DISCRIMINAÇÃO DOS SERVIÇOS (DADOS REFERENTES À CONTRATAÇÃO)
A7: A | B7: Data de apresentação da proposta (dia/mês/ano)
A8: B | B8: Município/UF | H8: Pelotas/RS
A9: C | B9: Ano do Acordo, Convenção ou Dissídio Coletivo | H9: RS000047/2020 - SINDUSCON
A10: D | B10: Número de meses de execução contratual | H10: 12
A12: 1. MÓDULOS Mão de obra Mão de obra vinculada à execução contratual
A14: Dados para composição dos custos referente à mão de obra
A15: 1 | B15: Tipo de Serviço (mesmo serviço com características distintas) | H15: Manutenção Predial
A16: 2 | B16: Classificação Brasileira de Ocupações (CBO) | H16: 7156-10
A17: 3 | B17: Salário Normativo da Categoria Profissional - para a jornada de 44 h/sem | H17: 1636.79
A18: 4 | B18: Categoria Profissional (vinculada à execução contratual) | H18: Eletricista
A19: 5 | B19: Data-Base da Categoria (dia/mês/ano) | H19: 1° de maio
A21: Módulo 1: Composição da Remuneração
A22: 1 | B22: Composição da Remuneração | H22: Percentual (R$) | J22: Valor (R$)
A23: A | B23: Salário-Base (valor para somente 1 Eletricista - 44h/semana) | J23: =H17 -> 1636.79
A24: B | B24: Adicional de Periculosidade | I24: 0.3 | J24: =ROUND(I24*J23,2) -> 491.04
A25: C | B25: Adicional Noturno
A26: D | B26: Adicional de Hora Noturna Reduzida
A27: E | B27: Adicional de Hora Extra no Feriado Trabalhado
A28: B | B28: Adicional de Insalubridade | I28: 0 | J28: =ROUND(I28*J23,2) -> 0
A29: Total | J29: =SUM(J23:J28) -> 2127.83
A31: Módulo 2 – Encargos e Benefícios Anuais, Mensais e Diários
A32: Submódulo 2.1 – 13º (décimo terceiro) Salário e Adicional de Férias
A33: 2.1 | B33: 13º (décimo terceiro) Salário e Adicional de Férias | J33: Valor (R$)
A34: A | B34: 13º (décimo terceiro) Salário Obrigatória a cotação de 8,33% sobre o valor do Módulo 1 – Composição da Remuneração, conforme Anexo XII da IN 5/17 | I34: 0.0833 | J34: =ROUND($J$29*I34,2) -> 177.25
A35: B | B35: Adicional de Férias Obrigatória a cotação de 3,025% sobre o valor do Módulo 1 – Composição da Remuneração, conforme Anexo XII da IN 5/17 (Férias + Adicional = 9,075% + 3,025% = 12,10%) | I35: 0.03025 | J35: =ROUND($J$29*I35,2) -> 64.37
A36: Total | J36: =SUM(J34+J35) -> 241.62
A37: C | B37: Incidência dos encargos do Submódulo 2.2 sobre o total do Submódulo 2.1 | J37: =ROUND(I50*J36,2) -> 88.92
A38: Total | J38: =J36+J37 -> 330.54
A40: Submódulo 2.2 - Encargos Previdenciários (GPS), Fundo de Garantia por Tempo de Serviço (FGTS) e outras contribuições
A41: 2.2 | B41: GPS, FGTS e outras contribuições | I41: Percentual (%) | J41: Valor (R$)
A42: A | B42: INSS | I42: 0.2 | J42: =ROUND($J$29*I42,2) -> 425.57
A43: B | B43: Salário Educação | I43: 0.025 | J43: =ROUND($J$29*I43,2) -> 53.2
A44: C | B44: RAT x FAP | E44: RAT = | F44: 0.03 | G44: FAP = | H44: 1 | I44: 0.03 | J44: =ROUND($J$29*I44,2) -> 63.83
A45: D | B45: SESC ou SESI | I45: 0.015 | J45: =ROUND($J$29*I45,2) -> 31.92
A46: E | B46: SENAC ou SENAI | I46: 0.01 | J46: =ROUND($J$29*I46,2) -> 21.28
A47: F | B47: SEBRAE | I47: 0.006 | J47: =ROUND($J$29*I47,2) -> 12.77
A48: G | B48: INCRA | I48: 0.002 | J48: =ROUND($J$29*I48,2) -> 4.26
A49: H | B49: FGTS | I49: 0.08 | J49: =ROUND($J$29*I49,2) -> 170.23
A50: Total | I50: =SUM(I42:I49) -> 0.368 | J50: =SUM(J42:J49) -> 783.06
A52: Submódulo 2.3 – Benefícios Mensais e Diários
A53: 2.3 | B53: Benefícios Mensais e Diários | J53: Valor (R$)
A54: A | B54: Transporte Cálculo do valor: [(2xVTx22) – (6%xSB)] | J54: =IF(ROUND((I57*I55*I56)-(J23*0.06),2)<0,0,ROUND((I57*I55*I56)-(J23*0.06),2))*1+(I55*I56*21.726-0.06*J23)*0 -> 99.79
B55: A.1) Valor da passagem do transporte coletivo no município de prestação dos serviços: | I55: 4.5 | J55: -
B56: A.2) Quantidade de passagens por dia por empregado: | I56: 2 | J56: -
B57: A.3) Quantidade de dias do mês de recebimento de passagens | I57: 22 | J57: -
A58: B | B58: Auxílio-Refeição/Alimentação Cálculo do valor = [(22xVA)x(1-0,19)] | J58: =ROUND(I60*I59*(1-0.18),2)*1+ROUND(21.726*6*(1-0.18),2)*0 -> 0
B59: B.1) Valor do auxílio-alimentação (Não Consta na CCT MTE: RS000047/2020) | I59: 0 | J59: -
B60: B.2) Quantidade de dias do mês de recebimento de auxílio-alimentação | I60: 22 | J60: -
A61: C | B61: Seguro contra riscos de acidente de trabalho (Não Consta na CCT MTE: RS000047/2020) | J61: 0
A62: D | B62: Auxílio Educação (cláusula 13 da CCT 2020) MTE: RS000047/2020 | J62: 32.5
A63: Total | J63: =SUM(J54:J62) -> 132.29
A65: Quadro-Resumo do Módulo 2 – Encargos e Benefícios Anuais, Mensais e Diários
A66: 2 | B66: Encargos e Benefícios Anuais, Mensais e Diários | J66: Valor (R$)
A67: 2.1 | C67: 13º (décimo terceiro) Salário e Adicional de Férias | J67: =J38 -> 330.54
A68: 2.2 | C68: GPS, FGTS e outras contribuições | J68: =J50 -> 783.06
A69: 2.3 | C69: Benefícios Mensais e Diários | J69: =J63 -> 132.29
A70: Total | J70: =SUM(J67+J68+J69) -> 1245.89
A72: Módulo 3 - Provisão para Rescisão | L72: DEMONSTRATIVO DAS ALÍQUOTAS DE CUSTO ANTES E APÓS A LEI 13.932/2019
A73: 3 | B73: Provisão para Rescisão | J73: Valor (R$) | L73: ANTES DA LEI 13.932/2019 | M73: DEPOIS DA LEI 13.932/2019
A74: A | B74: Aviso Prévio Indenizado Aviso-prévio indenizado Cálculo do valor = {Rem/12 + 13º/12=(Rem/12)/12 + Férias/12=(Rem/12)/12 + (1/3xFérias)/12=1/3x[(Rem/12)/12]} x (30/30=1) x 5% de rotatividade anual - Os reflexos de 13º, F e 1/3F são referentes a 1 mês de APInd - Na prorrogação, poderão ser considerados 3 dias conforme Lei nº 12.506/2011, dependendo da análise do nº de ocorrências deste evento no período | J74: =ROUND((($J$29/12)+($J$34/12)+($J$29/12/12)+($J$35/12))*(30/30)*0.05,2) -> 10.61 | L74: MULTA FGTS E 10% CONTRIBUIÇAO SOBRE O AVISO PRÉVIO INDENIZADO | M74: MULTA FGTS SOBRE O AVISO PRÉVIO INDENIZADO
A75: B | B75: Incidência do FGTS sobre o Aviso Prévio Indenizado | J75: =ROUND($J$74*I49,2) -> 0.85
A76: C | B76: Multa do FGTS e contribuição social sobre o Aviso Prévio Indenizado Obrigatória a cotação de 0,19% sobre o valor do Módulo 1 – Composição da Remuneração, conforme Anexo XII da IN Seges nº 5/2017 (0,19% + 3,81%= 4,0%) - (Lei 13.932, de 11 de dezembro de 2019) | I76: 0.0019 | J76: =ROUND($J$29*I76,2) -> 4.04 | L76: FGTS x API =[8% x( 40%+10%)] x [(1+1/12+1/12+(1/3*1/12)] x *5%*100 = 0,24% | M76: FGTS x API =(8% x 40%) x [(1+1/12+1/12+(1/3*1/12)] x *5%*100 = 0,19%
A77: D | B77: Aviso Prévio Trabalhado (negociar extinção/redução na 1ª prorrogação) Cálculo do valor= [(Rem/30)x7]/12 meses do contratox90% dos empregados - ao final do contrato | J77: =(J29/30*7)/12*0.9 -> 37.237025
A78: E | B78: Incidência dos encargos do Submódulo 2.2 sobre o Aviso Prévio Trabalhado | J78: =ROUND($I$50*J77,2) -> 13.7 | L78: MULTA FGTS E 10% CONTRIBUIÇAO SOBRE O AVISO PRÉVIO TRABALHADO | M78: MULTA FGTS SOBRE O AVISO PRÉVIO TRABALHADO
A79: F | B79: Multa do FGTS e contribuição social sobre o Aviso Prévio Trabalhado Obrigatória a cotação de 3,81% sobre o valor do Módulo 1 – Composição da Remuneração, conforme Anexo XII da IN Seges nº 5/2017 (3,81%+0,19% = 4,0%) - (Lei 13.932, de 11 de dezembro de 2019) | I79: 0.0381 | J79: =ROUND($J$29*I79,2) -> 81.07
A80: Total | J80: =SUM(J74:J79) -> 147.50702 | L80: FGTS x APT =[8% x( 40%+10%)] x [(1+1/12+1/12+(1/3*1/12)] x*100 = 4,76% | M80: FGTS x APT =(8% x 40%) x [(1+1/12+1/12+(1/3*1/12)] x 100 = 3,81%
A82: Módulo 4 - Custo de Reposição do Profissional Ausente | L82: Soma das Alíquotas = 0,24% + 4,76% = 5% | M82: Soma das Alíquotas = 0,19% + 3,81% = 4%
A83: Base de cálculo para o Custo de Reposição do Profissional Ausente (substituto): BCCPA = Rem + 13º + Férias + 1/3Férias | J83: =J86+J29+J34+J35 -> 2562.55
A85: 4.1 | B85: Substituto nas Ausências Legais | J85: Valor (R$)
A86: A | B86: Substituto na cobertura de Férias | I86: 0.09075 | J86: =ROUND(($J$29*I86),2) -> 193.1
A87: B | B87: Substituto na cobertura de Ausências Legais Cálculo do valor = [(BCCPA/30)x2,96dias]/12 | J87: =ROUND((($J$83/30)*2.96)/12,2) -> 21.07
A88: C | B88: Substituto na cobertura de Licença-Paternidade Cálculo do valor = {[(BCCPA/30)x5dias]/12}x1,5% | J88: =ROUND((($J$83/30)*5)/12*0.015,2) -> 0.53
A89: D | B89: Substituto na cobertura de Ausência por acidente de trabalho Cálculo do valor = {[(BCCPA/30)x15dias]/12}x0,78% | J89: =ROUND(((($J$83/30)*15)/12)*0.0078,2) -> 0.83
A90: E | B90: Substituto na cobertura de Afastamento Maternidade Cálculo do valor = {[(Rem+1/3Rem)/12]x(4/12)}x2% | J90: =ROUND(((($J$29+$J$29/3)*4/12)/12)*0.01,2) -> 0.79
A91: F | B91: Substituto na cobertura de Ausência por doença Cálculo do valor = [(BCCPA)/30)x5dias]/12 | J91: =ROUND(((($J$83/30)*5)/12),2) -> 35.59
A92: Total | J92: =SUM(J86:J91) -> 251.91
A93: G | B93: Incidência dos encargos do Submódulo 2.2 sobre o total do Submódulo 4.1 | J93: =ROUND(I50*J92,2) -> 92.7
A94: Total | J94: =SUM(J92:J93) -> 344.61
A95: Submódulo 4.2 – Substituto na Intrajornada
A96: 4.2 | B96: Substituto na Intrajornada | J96: Valor (R$)
A97: A | B97: Substituto na cobertura de Intervalo para repouso ou alimentação | J97: 0
A98: Total | J98: 0
A99: B | B99: Incidência dos encargos do Submódulo 2.2 sobre o total do Submódulo 4.2 | J99: =ROUND(I50*J98,2) -> 0
A100: Total | J100: =SUM(J98:J99) -> 0
A102: Quadro-Resumo do Módulo 4 – Custo de Reposição do Profissional Ausente
A103: 4 | B103: Custo de Reposição do Profissional Ausente | J103: Valor (R$)
A104: 4.1 | B104: Ausências Legais | J104: =J94 -> 344.61
A105: 4.2 | B105: Intrajornada | J105: =J100 -> 0
A106: Total | J106: =SUM(J104+J105) -> 344.61
A108: Módulo 5 – Insumos Diversos
A109: 5 | B109: Insumos diversos | J109: Valor (R$)
A110: A | B110: Uniformes | J110: =INSUMOS!E28 -> 170.14833
A111: B | B111: EPI's | J111: =INSUMOS!G19 -> 39.988
A112: C | B112: Equipamentos | J112: =INSUMOS!F181 -> 2.1083333
...

Sheet Eletricista Reitoria
A1: MANUTENÇÃO PREDIAL - Regime de Tributação: Lucro Real
A2: ANEXO I do TR do Pregão IFSul nº XX/2022 - CONTA VINCULADA Câmpus Pelotas - Visconde da Graça PLANILHA DE CUSTOS E FORMAÇÃO DE PREÇOS
A3: Nº do processo: | H3: 23341.000967.2021-69
A4: Licitação nº:
A5: Dia:
A6: DISCRIMINAÇÃO DOS SERVIÇOS (DADOS REFERENTES À CONTRATAÇÃO)
A7: A | B7: Data de apresentação da proposta (dia/mês/ano)
A8: B | B8: Município/UF | H8: Pelotas/RS
A9: C | B9: Ano do Acordo, Convenção ou Dissídio Coletivo | H9: RS000047/2020 - SINDUSCON
A10: D | B10: Número de meses de execução contratual | H10: 12
A12: 1. MÓDULOS Mão de obra Mão de obra vinculada à execução contratual
A14: Dados para composição dos custos referente à mão de obra
A15: 1 | B15: Tipo de Serviço (mesmo serviço com características distintas) | H15: Manutenção Predial
A16: 2 | B16: Classificação Brasileira de Ocupações (CBO) | H16: 7156-10
A17: 3 | B17: Salário Normativo da Categoria Profissional - para a jornada de 44 h/sem | H17: 1636.79
A18: 4 | B18: Categoria Profissional (vinculada à execução contratual) | H18: Eletricista
A19: 5 | B19: Data-Base da Categoria (dia/mês/ano) | H19: 1° de maio
A21: Módulo 1: Composição da Remuneração
A22: 1 | B22: Composição da Remuneração | H22: Percentual (R$) | J22: Valor (R$)
A23: A | B23: Salário-Base (valor para somente 1 Eletricista - 44h/semana) | J23: =H17 -> 1636.79
A24: B | B24: Adicional de Periculosidade | I24: 0.3 | J24: =ROUND(I24*J23,2) -> 491.04
A25: C | B25: Adicional Noturno
A26: D | B26: Adicional de Hora Noturna Reduzida
A27: E | B27: Adicional de Hora Extra no Feriado Trabalhado
A28: B | B28: Adicional de Insalubridade | I28: 0 | J28: =ROUND(I28*J23,2) -> 0
A29: Total | J29: =SUM(J23:J28) -> 2127.83
A31: Módulo 2 – Encargos e Benefícios Anuais, Mensais e Diários
A32: Submódulo 2.1 – 13º (décimo terceiro) Salário e Adicional de Férias
A33: 2.1 | B33: 13º (décimo terceiro) Salário e Adicional de Férias | J33: Valor (R$)
A34: A | B34: 13º (décimo terceiro) Salário Obrigatória a cotação de 8,33% sobre o valor do Módulo 1 – Composição da Remuneração, conforme Anexo XII da IN 5/17 | I34: 0.0833 | J34: =ROUND($J$29*I34,2) -> 177.25
A35: B | B35: Adicional de Férias Obrigatória a cotação de 3,025% sobre o valor do Módulo 1 – Composição da Remuneração, conforme Anexo XII da IN 5/17 (Férias + Adicional = 9,075% + 3,025% = 12,10%) | I35: 0.03025 | J35: =ROUND($J$29*I35,2) -> 64.37
A36: Total | J36: =SUM(J34+J35) -> 241.62
A37: C | B37: Incidência dos encargos do Submódulo 2.2 sobre o total do Submódulo 2.1 | J37: =ROUND(I50*J36,2) -> 88.92
A38: Total | J38: =J36+J37 -> 330.54
A40: Submódulo 2.2 - Encargos Previdenciários (GPS), Fundo de Garantia por Tempo de Serviço (FGTS) e outras contribuições
A41: 2.2 | B41: GPS, FGTS e outras contribuições | I41: Percentual (%) | J41: Valor (R$)
A42: A | B42: INSS | I42: 0.2 | J42: =ROUND($J$29*I42,2) -> 425.57
A43: B | B43: Salário Educação | I43: 0.025 | J43: =ROUND($J$29*I43,2) -> 53.2
A44: C | B44: RAT x FAP | E44: RAT = | F44: 0.03 | G44: FAP = | H44: 1 | I44: 0.03 | J44: =ROUND($J$29*I44,2) -> 63.83
A45: D | B45: SESC ou SESI | I45: 0.015 | J45: =ROUND($J$29*I45,2) -> 31.92
A46: E | B46: SENAC ou SENAI | I46: 0.01 | J46: =ROUND($J$29*I46,2) -> 21.28
A47: F | B47: SEBRAE | I47: 0.006 | J47: =ROUND($J$29*I47,2) -> 12.77
A48: G | B48: INCRA | I48: 0.002 | J48: =ROUND($J$29*I48,2) -> 4.26
A49: H | B49: FGTS | I49: 0.08 | J49: =ROUND($J$29*I49,2) -> 170.23
A50: Total | I50: =SUM(I42:I49) -> 0.368 | J50: =SUM(J42:J49) -> 783.06
A52: Submódulo 2.3 – Benefícios Mensais e Diários
A53: 2.3 | B53: Benefícios Mensais e Diários | J53: Valor (R$)
A54: A | B54: Transporte Cálculo do valor: [(2xVTx22) – (6%xSB)] | J54: =IF(ROUND((I57*I55*I56)-(J23*0.06),2)<0,0,ROUND((I57*I55*I56)-(J23*0.06),2))*1+(I55*I56*21.726-0.06*J23)*0 -> 99.79
B55: A.1) Valor da passagem do transporte coletivo no município de prestação dos serviços: | I55: 4.5 | J55: -
B56: A.2) Quantidade de passagens por dia por empregado: | I56: 2 | J56: -
B57: A.3) Quantidade de dias do mês de recebimento de passagens | I57: 22 | J57: -
A58: B | B58: Auxílio-Refeição/Alimentação Cálculo do valor = [(22xVA)x(1-0,19)] | J58: =ROUND(I60*I59*(1-0.18),2)*1+ROUND(21.726*6*(1-0.18),2)*0 -> 0
B59: B.1) Valor do auxílio-alimentação (Não Consta na CCT MTE: RS000047/2020) | I59: 0 | J59: -
B60: B.2) Quantidade de dias do mês de recebimento de auxílio-alimentação | I60: 22 | J60: -
A61: C | B61: Seguro contra riscos de acidente de trabalho (Não Consta na CCT MTE: RS000047/2020) | J61: 0
A62: D | B62: Auxílio Educação (cláusula 13 da CCT 2020) MTE: RS000047/2020 | J62: 32.5
A63: Total | J63: =SUM(J54:J62) -> 132.29
A65: Quadro-Resumo do Módulo 2 – Encargos e Benefícios Anuais, Mensais e Diários
A66: 2 | B66: Encargos e Benefícios Anuais, Mensais e Diários | J66: Valor (R$)
A67: 2.1 | C67: 13º (décimo terceiro) Salário e Adicional de Férias | J67: =J38 -> 330.54
A68: 2.2 | C68: GPS, FGTS e outras contribuições | J68: =J50 -> 783.06
A69: 2.3 | C69: Benefícios Mensais e Diários | J69: =J63 -> 132.29
A70: Total | J70: =SUM(J67+J68+J69) -> 1245.89
A72: Módulo 3 - Provisão para Rescisão | L72: DEMONSTRATIVO DAS ALÍQUOTAS DE CUSTO ANTES E APÓS A LEI 13.932/2019
A73: 3 | B73: Provisão para Rescisão | J73: Valor (R$) | L73: ANTES DA LEI 13.932/2019 | M73: DEPOIS DA LEI 13.932/2019
A74: A | B74: Aviso Prévio Indenizado Aviso-prévio indenizado Cálculo do valor = {Rem/12 + 13º/12=(Rem/12)/12 + Férias/12=(Rem/12)/12 + (1/3xFérias)/12=1/3x[(Rem/12)/12]} x (30/30=1) x 5% de rotatividade anual - Os reflexos de 13º, F e 1/3F são referentes a 1 mês de APInd - Na prorrogação, poderão ser considerados 3 dias conforme Lei nº 12.506/2011, dependendo da análise do nº de ocorrências deste evento no período | J74: =ROUND((($J$29/12)+($J$34/12)+($J$29/12/12)+($J$35/12))*(30/30)*0.05,2) -> 10.61 | L74: MULTA FGTS E 10% CONTRIBUIÇAO SOBRE O AVISO PRÉVIO INDENIZADO | M74: MULTA FGTS SOBRE O AVISO PRÉVIO INDENIZADO
A75: B | B75: Incidência do FGTS sobre o Aviso Prévio Indenizado | J75: =ROUND($J$74*I49,2) -> 0.85
A76: C | B76: Multa do FGTS e contribuição social sobre o Aviso Prévio Indenizado Obrigatória a cotação de 0,19% sobre o valor do Módulo 1 – Composição da Remuneração, conforme Anexo XII da IN Seges nº 5/2017 (0,19% + 3,81%= 4,0%) - (Lei 13.932, de 11 de dezembro de 2019) | I76: 0.0019 | J76: =ROUND($J$29*I76,2) -> 4.04 | L76: FGTS x API =[8% x( 40%+10%)] x [(1+1/12+1/12+(1/3*1/12)] x *5%*100 = 0,24% | M76: FGTS x API =(8% x 40%) x [(1+1/12+1/12+(1/3*1/12)] x *5%*100 = 0,19%
A77: D | B77: Aviso Prévio Trabalhado (negociar extinção/redução na 1ª prorrogação) Cálculo do valor= [(Rem/30)x7]/12 meses do contratox90% dos empregados - ao final do contrato | J77: =(J29/30*7)/12*0.9 -> 37.237025
A78: E | B78: Incidência dos encargos do Submódulo 2.2 sobre o Aviso Prévio Trabalhado | J78: =ROUND($I$50*J77,2) -> 13.7 | L78: MULTA FGTS E 10% CONTRIBUIÇAO SOBRE O AVISO PRÉVIO TRABALHADO | M78: MULTA FGTS SOBRE O AVISO PRÉVIO TRABALHADO
A79: F | B79: Multa do FGTS e contribuição social sobre o Aviso Prévio Trabalhado Obrigatória a cotação de 3,81% sobre o valor do Módulo 1 – Composição da Remuneração, conforme Anexo XII da IN Seges nº 5/2017 (3,81%+0,19% = 4,0%) - (Lei 13.932, de 11 de dezembro de 2019) | I79: 0.0381 | J79: =ROUND($J$29*I79,2) -> 81.07
A80: Total | J80: =SUM(J74:J79) -> 147.50702 | L80: FGTS x APT =[8% x( 40%+10%)] x [(1+1/12+1/12+(1/3*1/12)] x*100 = 4,76% | M80: FGTS x APT =(8% x 40%) x [(1+1/12+1/12+(1/3*1/12)] x 100 = 3,81%
A82: Módulo 4 - Custo de Reposição do Profissional Ausente | L82: Soma das Alíquotas = 0,24% + 4,76% = 5% | M82: Soma das Alíquotas = 0,19% + 3,81% = 4%
A83: Base de cálculo para o Custo de Reposição do Profissional Ausente (substituto): BCCPA = Rem + 13º + Férias + 1/3Férias | J83: =J86+J29+J34+J35 -> 2562.55
A85: 4.1 | B85: Substituto nas Ausências Legais | J85: Valor (R$)
A86: A | B86: Substituto na cobertura de Férias | I86: 0.09075 | J86: =ROUND(($J$29*I86),2) -> 193.1
A87: B | B87: Substituto na cobertura de Ausências Legais Cálculo do valor = [(BCCPA/30)x2,96dias]/12 | J87: =ROUND((($J$83/30)*2.96)/12,2) -> 21.07
A88: C | B88: Substituto na cobertura de Licença-Paternidade Cálculo do valor = {[(BCCPA/30)x5dias]/12}x1,5% | J88: =ROUND((($J$83/30)*5)/12*0.015,2) -> 0.53
A89: D | B89: Substituto na cobertura de Ausência por acidente de trabalho Cálculo do valor = {[(BCCPA/30)x15dias]/12}x0,78% | J89: =ROUND(((($J$83/30)*15)/12)*0.0078,2) -> 0.83
A90: E | B90: Substituto na cobertura de Afastamento Maternidade Cálculo do valor = {[(Rem+1/3Rem)/12]x(4/12)}x2% | J90: =ROUND(((($J$29+$J$29/3)*4/12)/12)*0.01,2) -> 0.79
A91: F | B91: Substituto na cobertura de Ausência por doença Cálculo do valor = [(BCCPA)/30)x5dias]/12 | J91: =ROUND(((($J$83/30)*5)/12),2) -> 35.59
A92: Total | J92: =SUM(J86:J91) -> 251.91
A93: G | B93: Incidência dos encargos do Submódulo 2.2 sobre o total do Submódulo 4.1 | J93: =ROUND(I50*J92,2) -> 92.7
A94: Total | J94: =SUM(J92:J93) -> 344.61
A95: Submódulo 4.2 – Substituto na Intrajornada
A96: 4.2 | B96: Substituto na Intrajornada | J96: Valor (R$)
A97: A | B97: Substituto na cobertura de Intervalo para repouso ou alimentação | J97: 0
A98: Total | J98: 0
A99: B | B99: Incidência dos encargos do Submódulo 2.2 sobre o total do Submódulo 4.2 | J99: =ROUND(I50*J98,2) -> 0
A100: Total | J100: =SUM(J98:J99) -> 0
A102: Quadro-Resumo do Módulo 4 – Custo de Reposição do Profissional Ausente
A103: 4 | B103: Custo de Reposição do Profissional Ausente | J103: Valor (R$)
A104: 4.1 | B104: Ausências Legais | J104: =J94 -> 344.61
A105: 4.2 | B105: Intrajornada | J105: =J100 -> 0
A106: Total | J106: =SUM(J104+J105) -> 344.61
A108: Módulo 5 – Insumos Diversos
A109: 5 | B109: Insumos diversos | J109: Valor (R$)
A110: A | B110: Uniformes | J110: =INSUMOS!E28 -> 170.14833
A111: B | B111: EPI's | J111: =INSUMOS!G19 -> 39.988
A112: C | B112: Equipamentos | J112: =INSUMOS!F181 -> 2.1083333
...

Sheet Pedreiro
A1: MANUTENÇÃO PREDIAL - Regime de Tributação: Lucro Real
A2: ANEXO I do TR do Pregão IFSul nº XX/2022 - CONTA VINCULADA Câmpus Pelotas - Visconde da Graça PLANILHA DE CUSTOS E FORMAÇÃO DE PREÇOS
A3: Nº do processo: | H3: 23341.000967.2021-69
A4: Licitação nº:
A5: Dia:
A6: DISCRIMINAÇÃO DOS SERVIÇOS (DADOS REFERENTES À CONTRATAÇÃO)
A7: A | B7: Data de apresentação da proposta (dia/mês/ano)
A8: B | B8: Município/UF | H8: Pelotas/RS
A9: C | B9: Ano do Acordo, Convenção ou Dissídio Coletivo | H9: RS000047/2020 - SINDUSCON
A10: D | B10: Número de meses de execução contratual | H10: 12
A12: 1. MÓDULOS Mão de obra Mão de obra vinculada à execução contratual
A14: Dados para composição dos custos referente à mão de obra
A15: 1 | B15: Tipo de Serviço (mesmo serviço com características distintas) | H15: Manutenção Predial
A16: 2 | B16: Classificação Brasileira de Ocupações (CBO) | H16: 7152-10
A17: 3 | B17: Salário Normativo da Categoria Profissional - para a jornada de 44 h/sem | H17: 1636.79
A18: 4 | B18: Categoria Profissional (vinculada à execução contratual) | H18: Pedreiro de Obras
A19: 5 | B19: Data-Base da Categoria (dia/mês/ano) | H19: 1° de maio
A21: Módulo 1: Composição da Remuneração
A22: 1 | B22: Composição da Remuneração | H22: Percentual (R$) | J22: Valor (R$)
A23: A | B23: Salário-Base (valor para somente 1 Pedreiro - 44h/semana) | J23: =H17 -> 1636.79
A24: B | B24: Adicional de Periculosidade | I24: 0 | J24: =ROUND(I24*J23,2) -> 0
A25: C | B25: Adicional Noturno
A26: D | B26: Adicional de Hora Noturna Reduzida
A27: E | B27: Adicional de Hora Extra no Feriado Trabalhado
A28: B | B28: Adicional de Insalubridade | I28: 0 | J28: =ROUND(I28*J23,2) -> 0
A29: Total | J29: =SUM(J23:J28) -> 1636.79
A31: Módulo 2 – Encargos e Benefícios Anuais, Mensais e Diários
A32: Submódulo 2.1 – 13º (décimo terceiro) Salário e Adicional de Férias
A33: 2.1 | B33: 13º (décimo terceiro) Salário e Adicional de Férias | J33: Valor (R$)
A34: A | B34: 13º (décimo terceiro) Salário Obrigatória a cotação de 8,33% sobre o valor do Módulo 1 – Composição da Remuneração, conforme Anexo XII da IN 5/17 | I34: 0.0833 | J34: =ROUND($J$29*I34,2) -> 136.34
A35: B | B35: Adicional de Férias Obrigatória a cotação de 3,025% sobre o valor do Módulo 1 – Composição da Remuneração, conforme Anexo XII da IN 5/17 (Férias + Adicional = 9,075% + 3,025% = 12,10%) | I35: 0.03025 | J35: =ROUND($J$29*I35,2) -> 49.51
A36: Total | J36: =SUM(J34+J35) -> 185.85
A37: C | B37: Incidência dos encargos do Submódulo 2.2 sobre o total do Submódulo 2.1 | J37: =ROUND(I50*J36,2) -> 68.39
A38: Total | J38: =J36+J37 -> 254.24
A40: Submódulo 2.2 - Encargos Previdenciários (GPS), Fundo de Garantia por Tempo de Serviço (FGTS) e outras contribuições
A41: 2.2 | B41: GPS, FGTS e outras contribuições | I41: Percentual (%) | J41: Valor (R$)
A42: A | B42: INSS | I42: 0.2 | J42: =ROUND($J$29*I42,2) -> 327.36
A43: B | B43: Salário Educação | I43: 0.025 | J43: =ROUND($J$29*I43,2) -> 40.92
A44: C | B44: RAT x FAP | E44: RAT = | F44: 0.03 | G44: FAP = | H44: 1 | I44: 0.03 | J44: =ROUND($J$29*I44,2) -> 49.1
A45: D | B45: SESC ou SESI | I45: 0.015 | J45: =ROUND($J$29*I45,2) -> 24.55
A46: E | B46: SENAC ou SENAI | I46: 0.01 | J46: =ROUND($J$29*I46,2) -> 16.37
A47: F | B47: SEBRAE | I47: 0.006 | J47: =ROUND($J$29*I47,2) -> 9.82
A48: G | B48: INCRA | I48: 0.002 | J48: =ROUND($J$29*I48,2) -> 3.27
A49: H | B49: FGTS | I49: 0.08 | J49: =ROUND($J$29*I49,2) -> 130.94
A50: Total | I50: =SUM(I42:I49) -> 0.368 | J50: =SUM(J42:J49) -> 602.33
A52: Submódulo 2.3 – Benefícios Mensais e Diários
A53: 2.3 | B53: Benefícios Mensais e Diários | J53: Valor (R$)
A54: A | B54: Transporte Cálculo do valor: [(2xVTx22) – (6%xSB)] | J54: =IF(ROUND((I57*I55*I56)-(J23*0.06),2)<0,0,ROUND((I57*I55*I56)-(J23*0.06),2))*1+(I55*I56*21.726-0.06*J23)*0 -> 99.79
B55: A.1) Valor da passagem do transporte coletivo no município de prestação dos serviços: | I55: 4.5 | J55: -
B56: A.2) Quantidade de passagens por dia por empregado: | I56: 2 | J56: -
B57: A.3) Quantidade de dias do mês de recebimento de passagens | I57: 22 | J57: -
A58: B | B58: Auxílio-Refeição/Alimentação Cálculo do valor = [(22xVA)x(1-0,19)] | J58: =ROUND(I60*I59*(1-0.18),2)*1+ROUND(21.726*6*(1-0.18),2)*0 -> 0
B59: B.1) Valor do auxílio-alimentação (Não Consta na CCT MTE: RS000047/2020) | I59: 0 | J59: -
B60: B.2) Quantidade de dias do mês de recebimento de auxílio-alimentação | I60: 22 | J60: -
A61: C | B61: Seguro contra riscos de acidente de trabalho (Não Consta na CCT MTE: RS000047/2020) | J61: 0
A62: D | B62: Auxílio Educação (cláusula 13 da CCT 2020) MTE: RS000047/2020 | J62: 32.5
A63: Total | J63: =SUM(J54:J62) -> 132.29
A65: Quadro-Resumo do Módulo 2 – Encargos e Benefícios Anuais, Mensais e Diários
A66: 2 | B66: Encargos e Benefícios Anuais, Mensais e Diários | J66: Valor (R$)
A67: 2.1 | C67: 13º (décimo terceiro) Salário e Adicional de Férias | J67: =J38 -> 254.24
A68: 2.2 | C68: GPS, FGTS e outras contribuições | J68: =J50 -> 602.33
A69: 2.3 | C69: Benefícios Mensais e Diários | J69: =J63 -> 132.29
A70: Total | J70: =SUM(J67+J68+J69) -> 988.86
A72: Módulo 3 - Provisão para Rescisão | L72: DEMONSTRATIVO DAS ALÍQUOTAS DE CUSTO ANTES E APÓS A LEI 13.932/2019
A73: 3 | B73: Provisão para Rescisão | J73: Valor (R$) | L73: ANTES DA LEI 13.932/2019 | M73: DEPOIS DA LEI 13.932/2019
A74: A | B74: Aviso Prévio Indenizado Aviso-prévio indenizado Cálculo do valor = {Rem/12 + 13º/12=(Rem/12)/12 + Férias/12=(Rem/12)/12 + (1/3xFérias)/12=1/3x[(Rem/12)/12]} x (30/30=1) x 5% de rotatividade anual - Os reflexos de 13º, F e 1/3F são referentes a 1 mês de APInd - Na prorrogação, poderão ser considerados 3 dias conforme Lei nº 12.506/2011, dependendo da análise do nº de ocorrências deste evento no período | J74: =ROUND((($J$29/12)+($J$34/12)+($J$29/12/12)+($J$35/12))*(30/30)*0.05,2) -> 8.16 | L74: MULTA FGTS E 10% CONTRIBUIÇAO SOBRE O AVISO PRÉVIO INDENIZADO | M74: MULTA FGTS SOBRE O AVISO PRÉVIO INDENIZADO
A75: B | B75: Incidência do FGTS sobre o Aviso Prévio Indenizado | J75: =ROUND($J$74*I49,2) -> 0.65
A76: C | B76: Multa do FGTS sobre o Aviso Prévio Indenizado Obrigatória a cotação de 0,19% sobre o valor do Módulo 1 – Composição da Remuneração, conforme Anexo XII da IN Seges nº 5/2017 (0,19% + 3,81%= 4,0%) - (Lei 13.932, de 11 de dezembro de 2019) | I76: 0.0019 | J76: =ROUND($J$29*I76,2) -> 3.11 | L76: FGTS x API =[8% x( 40%+10%)] x [(1+1/12+1/12+(1/3*1/12)] x *5%*100 = 0,24% | M76: FGTS x API =(8% x 40%) x [(1+1/12+1/12+(1/3*1/12)] x *5%*100 = 0,19%
A77: D | B77: Aviso Prévio Trabalhado (negociar extinção/redução na 1ª prorrogação) Cálculo do valor= [(Rem/30)x7]/12 meses do contratox90% dos empregados - ao final do contrato | J77: =(J29/30*7)/12*0.9 -> 28.643825
A78: E | B78: Incidência dos encargos do Submódulo 2.2 sobre o Aviso Prévio Trabalhado | J78: =ROUND($I$50*J77,2) -> 10.54 | L78: MULTA FGTS E 10% CONTRIBUIÇAO SOBRE O AVISO PRÉVIO TRABALHADO | M78: MULTA FGTS SOBRE O AVISO PRÉVIO TRABALHADO
A79: F | B79: Multa do FGTS sobre o Aviso Prévio Trabalhado Obrigatória a cotação de 3,81% sobre o valor do Módulo 1 – Composição da Remuneração, conforme Anexo XII da IN Seges nº 5/2017 (3,81%+0,19% = 4,0%) - (Lei 13.932, de 11 de dezembro de 2019) | I79: 0.0381 | J79: =ROUND($J$29*I79,2) -> 62.36
A80: Total | J80: =SUM(J74:J79) -> 113.46382 | L80: FGTS x APT =[8% x( 40%+10%)] x [(1+1/12+1/12+(1/3*1/12)] x*100 = 4,76% | M80: FGTS x APT =(8% x 40%) x [(1+1/12+1/12+(1/3*1/12)] x 100 = 3,81%
A82: Módulo 4 - Custo de Reposição do Profissional Ausente | L82: Soma das Alíquotas = 0,24% + 4,76% = 5% | M82: Soma das Alíquotas = 0,19% + 3,81% = 4%
A83: Base de cálculo para o Custo de Reposição do Profissional Ausente (substituto): BCCPA = Rem + 13º + Férias + 1/3Férias | J83: =J86+J29+J34+J35 -> 1971.18
A85: 4.1 | B85: Substituto nas Ausências Legais | J85: Valor (R$)
A86: A | B86: Substituto na cobertura de Férias | I86: 0.09075 | J86: =ROUND(($J$29*I86),2) -> 148.54
A87: B | B87: Substituto na cobertura de Ausências Legais Cálculo do valor = [(BCCPA/30)x2,96dias]/12 | J87: =ROUND((($J$83/30)*2.96)/12,2) -> 16.21
A88: C | B88: Substituto na cobertura de Licença-Paternidade Cálculo do valor = {[(BCCPA/30)x5dias]/12}x1,5% | J88: =ROUND((($J$83/30)*5)/12*0.015,2) -> 0.41
A89: D | B89: Substituto na cobertura de Ausência por acidente de trabalho Cálculo do valor = {[(BCCPA/30)x15dias]/12}x0,78% | J89: =ROUND(((($J$83/30)*15)/12)*0.0078,2) -> 0.64
A90: E | B90: Substituto na cobertura de Afastamento Maternidade Cálculo do valor = {[(Rem+1/3Rem)/12]x(4/12)}x2% | J90: =ROUND(((($J$29+$J$29/3)*4/12)/12)*0.01,2) -> 0.61
A91: F | B91: Substituto na cobertura de Ausência por doença Cálculo do valor = [(BCCPA)/30)x5dias]/12 | J91: =ROUND(((($J$83/30)*5)/12),2) -> 27.38
A92: Total | J92: =SUM(J86:J91) -> 193.79
A93: G | B93: Incidência dos encargos do Submódulo 2.2 sobre o total do Submódulo 4.1 | J93: =ROUND(I50*J92,2) -> 71.31
A94: Total | J94: =SUM(J92:J93) -> 265.1
A95: Submódulo 4.2 – Substituto na Intrajornada
A96: 4.2 | B96: Substituto na Intrajornada | J96: Valor (R$)
A97: A | B97: Substituto na cobertura de Intervalo para repouso ou alimentação | J97: 0
A98: Total | J98: 0
A99: B | B99: Incidência dos encargos do Submódulo 2.2 sobre o total do Submódulo 4.2 | J99: =ROUND(I50*J98,2) -> 0
A100: Total | J100: =SUM(J98:J99) -> 0
A102: Quadro-Resumo do Módulo 4 – Custo de Reposição do Profissional Ausente
A103: 4 | B103: Custo de Reposição do Profissional Ausente | J103: Valor (R$)
A104: 4.1 | B104: Ausências Legais | J104: =J94 -> 265.1
A105: 4.2 | B105: Intrajornada | J105: =J100 -> 0
A106: Total | J106: =SUM(J104+J105) -> 265.1
A108: Módulo 5 – Insumos Diversos
A109: 5 | B109: Insumos diversos | J109: Valor (R$)
A110: A | B110: Uniformes | J110: =INSUMOS!E53 -> 40.85
A111: B | B111: EPI's | J111: =INSUMOS!G43 -> 39.988
A112: C | B112: Equipamentos | J112: =INSUMOS!F181 -> 2.1083333
...

Sheet Pedreiro Reitoria
A1: MANUTENÇÃO PREDIAL - Regime de Tributação: Lucro Real
A2: ANEXO I do TR do Pregão IFSul nº XX/2022 - CONTA VINCULADA Câmpus Pelotas - Visconde da Graça PLANILHA DE CUSTOS E FORMAÇÃO DE PREÇOS
A3: Nº do processo: | H3: 23341.000967.2021-69
A4: Licitação nº:
A5: Dia:
A6: DISCRIMINAÇÃO DOS SERVIÇOS (DADOS REFERENTES À CONTRATAÇÃO)
A7: A | B7: Data de apresentação da proposta (dia/mês/ano)
A8: B | B8: Município/UF | H8: Pelotas/RS
A9: C | B9: Ano do Acordo, Convenção ou Dissídio Coletivo | H9: RS000047/2020 - SINDUSCON
A10: D | B10: Número de meses de execução contratual | H10: 12
A12: 1. MÓDULOS Mão de obra Mão de obra vinculada à execução contratual
A14: Dados para composição dos custos referente à mão de obra
A15: 1 | B15: Tipo de Serviço (mesmo serviço com características distintas) | H15: Manutenção Predial
A16: 2 | B16: Classificação Brasileira de Ocupações (CBO) | H16: 7152-10
A17: 3 | B17: Salário Normativo da Categoria Profissional - para a jornada de 44 h/sem | H17: 1636.79
A18: 4 | B18: Categoria Profissional (vinculada à execução contratual) | H18: Pedreiro de Obras
A19: 5 | B19: Data-Base da Categoria (dia/mês/ano) | H19: 1° de maio
A21: Módulo 1: Composição da Remuneração
A22: 1 | B22: Composição da Remuneração | H22: Percentual (R$) | J22: Valor (R$)
A23: A | B23: Salário-Base (valor para somente 1 Pedreiro - 44h/semana) | J23: =H17 -> 1636.79
A24: B | B24: Adicional de Periculosidade | I24: 0 | J24: =ROUND(I24*J23,2) -> 0
A25: C | B25: Adicional Noturno
A26: D | B26: Adicional de Hora Noturna Reduzida
A27: E | B27: Adicional de Hora Extra no Feriado Trabalhado
A28: B | B28: Adicional de Insalubridade | I28: 0 | J28: =ROUND(I28*J23,2) -> 0
A29: Total | J29: =SUM(J23:J28) -> 1636.79
A31: Módulo 2 – Encargos e Benefícios Anuais, Mensais e Diários
A32: Submódulo 2.1 – 13º (décimo terceiro) Salário e Adicional de Férias
A33: 2.1 | B33: 13º (décimo terceiro) Salário e Adicional de Férias | J33: Valor (R$)
A34: A | B34: 13º (décimo terceiro) Salário Obrigatória a cotação de 8,33% sobre o valor do Módulo 1 – Composição da Remuneração, conforme Anexo XII da IN 5/17 | I34: 0.0833 | J34: =ROUND($J$29*I34,2) -> 136.34
A35: B | B35: Adicional de Férias Obrigatória a cotação de 3,025% sobre o valor do Módulo 1 – Composição da Remuneração, conforme Anexo XII da IN 5/17 (Férias + Adicional = 9,075% + 3,025% = 12,10%) | I35: 0.03025 | J35: =ROUND($J$29*I35,2) -> 49.51
A36: Total | J36: =SUM(J34+J35) -> 185.85
A37: C | B37: Incidência dos encargos do Submódulo 2.2 sobre o total do Submódulo 2.1 | J37: =ROUND(I50*J36,2) -> 68.39
A38: Total | J38: =J36+J37 -> 254.24
A40: Submódulo 2.2 - Encargos Previdenciários (GPS), Fundo de Garantia por Tempo de Serviço (FGTS) e outras contribuições
A41: 2.2 | B41: GPS, FGTS e outras contribuições | I41: Percentual (%) | J41: Valor (R$)
A42: A | B42: INSS | I42: 0.2 | J42: =ROUND($J$29*I42,2) -> 327.36
A43: B | B43: Salário Educação | I43: 0.025 | J43: =ROUND($J$29*I43,2) -> 40.92
A44: C | B44: RAT x FAP | E44: RAT = | F44: 0.03 | G44: FAP = | H44: 1 | I44: 0.03 | J44: =ROUND($J$29*I44,2) -> 49.1
A45: D | B45: SESC ou SESI | I45: 0.015 | J45: =ROUND($J$29*I45,2) -> 24.55
A46: E | B46: SENAC ou SENAI | I46: 0.01 | J46: =ROUND($J$29*I46,2) -> 16.37
A47: F | B47: SEBRAE | I47: 0.006 | J47: =ROUND($J$29*I47,2) -> 9.82
A48: G | B48: INCRA | I48: 0.002 | J48: =ROUND($J$29*I48,2) -> 3.27
A49: H | B49: FGTS | I49: 0.08 | J49: =ROUND($J$29*I49,2) -> 130.94
A50: Total | I50: =SUM(I42:I49) -> 0.368 | J50: =SUM(J42:J49) -> 602.33
A52: Submódulo 2.3 – Benefícios Mensais e Diários
A53: 2.3 | B53: Benefícios Mensais e Diários | J53: Valor (R$)
A54: A | B54: Transporte Cálculo do valor: [(2xVTx22) – (6%xSB)] | J54: =IF(ROUND((I57*I55*I56)-(J23*0.06),2)<0,0,ROUND((I57*I55*I56)-(J23*0.06),2))*1+(I55*I56*21.726-0.06*J23)*0 -> 99.79
B55: A.1) Valor da passagem do transporte coletivo no município de prestação dos serviços: | I55: 4.5 | J55: -
B56: A.2) Quantidade de passagens por dia por empregado: | I56: 2 | J56: -
B57: A.3) Quantidade de dias do mês de recebimento de passagens | I57: 22 | J57: -
A58: B | B58: Auxílio-Refeição/Alimentação Cálculo do valor = [(22xVA)x(1-0,19)] | J58: =ROUND(I60*I59*(1-0.18),2)*1+ROUND(21.726*6*(1-0.18),2)*0 -> 0
B59: B.1) Valor do auxílio-alimentação (Não Consta na CCT MTE: RS000047/2020) | I59: 0 | J59: -
B60: B.2) Quantidade de dias do mês de recebimento de auxílio-alimentação | I60: 22 | J60: -
A61: C | B61: Seguro contra riscos de acidente de trabalho (Não Consta na CCT MTE: RS000047/2020) | J61: 0
A62: D | B62: Auxílio Educação (cláusula 13 da CCT 2020) MTE: RS000047/2020 | J62: 32.5
A63: Total | J63: =SUM(J54:J62) -> 132.29
A65: Quadro-Resumo do Módulo 2 – Encargos e Benefícios Anuais, Mensais e Diários
A66: 2 | B66: Encargos e Benefícios Anuais, Mensais e Diários | J66: Valor (R$)
A67: 2.1 | C67: 13º (décimo terceiro) Salário e Adicional de Férias | J67: =J38 -> 254.24
A68: 2.2 | C68: GPS, FGTS e outras contribuições | J68: =J50 -> 602.33
A69: 2.3 | C69: Benefícios Mensais e Diários | J69: =J63 -> 132.29
A70: Total | J70: =SUM(J67+J68+J69) -> 988.86
A72: Módulo 3 - Provisão para Rescisão | L72: DEMONSTRATIVO DAS ALÍQUOTAS DE CUSTO ANTES E APÓS A LEI 13.932/2019
A73: 3 | B73: Provisão para Rescisão | J73: Valor (R$) | L73: ANTES DA LEI 13.932/2019 | M73: DEPOIS DA LEI 13.932/2019
A74: A | B74: Aviso Prévio Indenizado Aviso-prévio indenizado Cálculo do valor = {Rem/12 + 13º/12=(Rem/12)/12 + Férias/12=(Rem/12)/12 + (1/3xFérias)/12=1/3x[(Rem/12)/12]} x (30/30=1) x 5% de rotatividade anual - Os reflexos de 13º, F e 1/3F são referentes a 1 mês de APInd - Na prorrogação, poderão ser considerados 3 dias conforme Lei nº 12.506/2011, dependendo da análise do nº de ocorrências deste evento no período | J74: =ROUND((($J$29/12)+($J$34/12)+($J$29/12/12)+($J$35/12))*(30/30)*0.05,2) -> 8.16 | L74: MULTA FGTS E 10% CONTRIBUIÇAO SOBRE O AVISO PRÉVIO INDENIZADO | M74: MULTA FGTS SOBRE O AVISO PRÉVIO INDENIZADO
A75: B | B75: Incidência do FGTS sobre o Aviso Prévio Indenizado | J75: =ROUND($J$74*I49,2) -> 0.65
A76: C | B76: Multa do FGTS sobre o Aviso Prévio Indenizado Obrigatória a cotação de 0,19% sobre o valor do Módulo 1 – Composição da Remuneração, conforme Anexo XII da IN Seges nº 5/2017 (0,19% + 3,81%= 4,0%) - (Lei 13.932, de 11 de dezembro de 2019) | I76: 0.0019 | J76: =ROUND($J$29*I76,2) -> 3.11 | L76: FGTS x API =[8% x( 40%+10%)] x [(1+1/12+1/12+(1/3*1/12)] x *5%*100 = 0,24% | M76: FGTS x API =(8% x 40%) x [(1+1/12+1/12+(1/3*1/12)] x *5%*100 = 0,19%
A77: D | B77: Aviso Prévio Trabalhado (negociar extinção/redução na 1ª prorrogação) Cálculo do valor= [(Rem/30)x7]/12 meses do contratox90% dos empregados - ao final do contrato | J77: =(J29/30*7)/12*0.9 -> 28.643825
A78: E | B78: Incidência dos encargos do Submódulo 2.2 sobre o Aviso Prévio Trabalhado | J78: =ROUND($I$50*J77,2) -> 10.54 | L78: MULTA FGTS E 10% CONTRIBUIÇAO SOBRE O AVISO PRÉVIO TRABALHADO | M78: MULTA FGTS SOBRE O AVISO PRÉVIO TRABALHADO
A79: F | B79: Multa do FGTS sobre o Aviso Prévio Trabalhado Obrigatória a cotação de 3,81% sobre o valor do Módulo 1 – Composição da Remuneração, conforme Anexo XII da IN Seges nº 5/2017 (3,81%+0,19% = 4,0%) - (Lei 13.932, de 11 de dezembro de 2019) | I79: 0.0381 | J79: =ROUND($J$29*I79,2) -> 62.36
A80: Total | J80: =SUM(J74:J79) -> 113.46382 | L80: FGTS x APT =[8% x( 40%+10%)] x [(1+1/12+1/12+(1/3*1/12)] x*100 = 4,76% | M80: FGTS x APT =(8% x 40%) x [(1+1/12+1/12+(1/3*1/12)] x 100 = 3,81%
A82: Módulo 4 - Custo de Reposição do Profissional Ausente | L82: Soma das Alíquotas = 0,24% + 4,76% = 5% | M82: Soma das Alíquotas = 0,19% + 3,81% = 4%
A83: Base de cálculo para o Custo de Reposição do Profissional Ausente (substituto): BCCPA = Rem + 13º + Férias + 1/3Férias | J83: =J86+J29+J34+J35 -> 1971.18
A85: 4.1 | B85: Substituto nas Ausências Legais | J85: Valor (R$)
A86: A | B86: Substituto na cobertura de Férias | I86: 0.09075 | J86: =ROUND(($J$29*I86),2) -> 148.54
A87: B | B87: Substituto na cobertura de Ausências Legais Cálculo do valor = [(BCCPA/30)x2,96dias]/12 | J87: =ROUND((($J$83/30)*2.96)/12,2) -> 16.21
A88: C | B88: Substituto na cobertura de Licença-Paternidade Cálculo do valor = {[(BCCPA/30)x5dias]/12}x1,5% | J88: =ROUND((($J$83/30)*5)/12*0.015,2) -> 0.41
A89: D | B89: Substituto na cobertura de Ausência por acidente de trabalho Cálculo do valor = {[(BCCPA/30)x15dias]/12}x0,78% | J89: =ROUND(((($J$83/30)*15)/12)*0.0078,2) -> 0.64
A90: E | B90: Substituto na cobertura de Afastamento Maternidade Cálculo do valor = {[(Rem+1/3Rem)/12]x(4/12)}x2% | J90: =ROUND(((($J$29+$J$29/3)*4/12)/12)*0.01,2) -> 0.61
A91: F | B91: Substituto na cobertura de Ausência por doença Cálculo do valor = [(BCCPA)/30)x5dias]/12 | J91: =ROUND(((($J$83/30)*5)/12),2) -> 27.38
A92: Total | J92: =SUM(J86:J91) -> 193.79
A93: G | B93: Incidência dos encargos do Submódulo 2.2 sobre o total do Submódulo 4.1 | J93: =ROUND(I50*J92,2) -> 71.31
A94: Total | J94: =SUM(J92:J93) -> 265.1
A95: Submódulo 4.2 – Substituto na Intrajornada
A96: 4.2 | B96: Substituto na Intrajornada | J96: Valor (R$)
A97: A | B97: Substituto na cobertura de Intervalo para repouso ou alimentação | J97: 0
A98: Total | J98: 0
A99: B | B99: Incidência dos encargos do Submódulo 2.2 sobre o total do Submódulo 4.2 | J99: =ROUND(I50*J98,2) -> 0
A100: Total | J100: =SUM(J98:J99) -> 0
A102: Quadro-Resumo do Módulo 4 – Custo de Reposição do Profissional Ausente
A103: 4 | B103: Custo de Reposição do Profissional Ausente | J103: Valor (R$)
A104: 4.1 | B104: Ausências Legais | J104: =J94 -> 265.1
A105: 4.2 | B105: Intrajornada | J105: =J100 -> 0
A106: Total | J106: =SUM(J104+J105) -> 265.1
A108: Módulo 5 – Insumos Diversos
A109: 5 | B109: Insumos diversos | J109: Valor (R$)
A110: A | B110: Uniformes | J110: =INSUMOS!E53 -> 40.85
A111: B | B111: EPI's | J111: =INSUMOS!G43 -> 39.988
A112: C | B112: Equipamentos | J112: =INSUMOS!F181 -> 2.1083333
...

Sheet Servente
A1: MANUTENÇÃO PREDIAL - Regime de Tributação: Lucro Real
A2: ANEXO I do TR do Pregão IFSul nº XX/2022 - CONTA VINCULADA Câmpus Pelotas - Visconde da Graça PLANILHA DE CUSTOS E FORMAÇÃO DE PREÇOS
A3: Nº do processo: | H3: 23341.000967.2021-69
A4: Licitação nº:
A5: Dia:
A6: DISCRIMINAÇÃO DOS SERVIÇOS (DADOS REFERENTES À CONTRATAÇÃO)
A7: A | B7: Data de apresentação da proposta (dia/mês/ano)
A8: B | B8: Município/UF | H8: Pelotas/RS
A9: C | B9: Ano do Acordo, Convenção ou Dissídio Coletivo | H9: RS000047/2020 - SINDUSCON
A10: D | B10: Número de meses de execução contratual | H10: 12
A12: 1. MÓDULOS Mão de obra Mão de obra vinculada à execução contratual
A14: Dados para composição dos custos referente à mão de obra
A15: 1 | B15: Tipo de Serviço (mesmo serviço com características distintas) | H15: Manutenção Predial
A16: 2 | B16: Classificação Brasileira de Ocupações (CBO) | H16: 7170-20
A17: 3 | B17: Salário Normativo da Categoria Profissional - para a jornada de 44 h/sem | H17: 1281.74
A18: 4 | B18: Categoria Profissional (vinculada à execução contratual) | H18: Servente de Obras
A19: 5 | B19: Data-Base da Categoria (dia/mês/ano) | H19: 1° de maio
A21: Módulo 1: Composição da Remuneração
A22: 1 | B22: Composição da Remuneração | H22: Percentual (R$) | J22: Valor (R$)
A23: A | B23: Salário-Base (valor para somente 1 Servente de Obras - 44h/semana) | J23: =H17 -> 1281.74
A24: B | B24: Adicional de Periculosidade | I24: 0 | J24: =ROUND(I24*J23,2) -> 0
A25: C | B25: Adicional Noturno
A26: D | B26: Adicional de Hora Noturna Reduzida
A27: E | B27: Adicional de Hora Extra no Feriado Trabalhado
A28: B | B28: Adicional de Insalubridade | I28: 0 | J28: =ROUND(I28*J23,2) -> 0
A29: Total | J29: =SUM(J23:J28) -> 1281.74
A31: Módulo 2 – Encargos e Benefícios Anuais, Mensais e Diários
A32: Submódulo 2.1 – 13º (décimo terceiro) Salário e Adicional de Férias
A33: 2.1 | B33: 13º (décimo terceiro) Salário e Adicional de Férias | J33: Valor (R$)
A34: A | B34: 13º (décimo terceiro) Salário Obrigatória a cotação de 8,33% sobre o valor do Módulo 1 – Composição da Remuneração, conforme Anexo XII da IN 5/17 | I34: 0.0833 | J34: =ROUND($J$29*I34,2) -> 106.77
A35: B | B35: Adicional de Férias Obrigatória a cotação de 3,025% sobre o valor do Módulo 1 – Composição da Remuneração, conforme Anexo XII da IN 5/17 (Férias + Adicional = 9,075% + 3,025% = 12,10%) | I35: 0.03025 | J35: =ROUND($J$29*I35,2) -> 38.77
A36: Total | J36: =SUM(J34+J35) -> 145.54
A37: C | B37: Incidência dos encargos do Submódulo 2.2 sobre o total do Submódulo 2.1 | J37: =ROUND(I50*J36,2) -> 53.56
A38: Total | J38: =J36+J37 -> 199.1
A40: Submódulo 2.2 - Encargos Previdenciários (GPS), Fundo de Garantia por Tempo de Serviço (FGTS) e outras contribuições
A41: 2.2 | B41: GPS, FGTS e outras contribuições | I41: Percentual (%) | J41: Valor (R$)
A42: A | B42: INSS | I42: 0.2 | J42: =ROUND($J$29*I42,2) -> 256.35
A43: B | B43: Salário Educação | I43: 0.025 | J43: =ROUND($J$29*I43,2) -> 32.04
A44: C | B44: RAT x FAP | E44: RAT = | F44: 0.03 | G44: FAP = | H44: 1 | I44: 0.03 | J44: =ROUND($J$29*I44,2) -> 38.45
A45: D | B45: SESC ou SESI | I45: 0.015 | J45: =ROUND($J$29*I45,2) -> 19.23
A46: E | B46: SENAC ou SENAI | I46: 0.01 | J46: =ROUND($J$29*I46,2) -> 12.82
A47: F | B47: SEBRAE | I47: 0.006 | J47: =ROUND($J$29*I47,2) -> 7.69
A48: G | B48: INCRA | I48: 0.002 | J48: =ROUND($J$29*I48,2) -> 2.56
A49: H | B49: FGTS | I49: 0.08 | J49: =ROUND($J$29*I49,2) -> 102.54
A50: Total | I50: =SUM(I42:I49) -> 0.368 | J50: =SUM(J42:J49) -> 471.68
A52: Submódulo 2.3 – Benefícios Mensais e Diários
A53: 2.3 | B53: Benefícios Mensais e Diários | J53: Valor (R$)
A54: A | B54: Transporte Cálculo do valor: [(2xVTx22) – (6%xSB)] | J54: =IF(ROUND((I57*I55*I56)-(J23*0.06),2)<0,0,ROUND((I57*I55*I56)-(J23*0.06),2))*1+(I55*I56*21.726-0.06*J23)*0 -> 121.1
B55: A.1) Valor da passagem do transporte coletivo no município de prestação dos serviços: | I55: 4.5 | J55: -
B56: A.2) Quantidade de passagens por dia por empregado: | I56: 2 | J56: -
B57: A.3) Quantidade de dias do mês de recebimento de passagens | I57: 22 | J57: -
A58: B | B58: Auxílio-Refeição/Alimentação Cálculo do valor = [(22xVA)x(1-0,19)] | J58: =ROUND(I60*I59*(1-0.18),2)*1+ROUND(21.726*6*(1-0.18),2)*0 -> 0
B59: B.1) Valor do auxílio-alimentação (Não Consta na CCT MTE: RS000047/2020) | I59: 0 | J59: -
B60: B.2) Quantidade de dias do mês de recebimento de auxílio-alimentação | I60: 22 | J60: -
A61: C | B61: Seguro contra riscos de acidente de trabalho (Não Consta na CCT MTE: RS000047/2020) | J61: 0
A62: D | B62: Auxílio Educação (cláusula 13 da CCT 2020) MTE: RS000047/2020 | J62: 32.5
A63: Total | J63: =SUM(J54:J62) -> 153.6
A65: Quadro-Resumo do Módulo 2 – Encargos e Benefícios Anuais, Mensais e Diários
A66: 2 | B66: Encargos e Benefícios Anuais, Mensais e Diários | J66: Valor (R$)
A67: 2.1 | C67: 13º (décimo terceiro) Salário e Adicional de Férias | J67: =J38 -> 199.1
A68: 2.2 | C68: GPS, FGTS e outras contribuições | J68: =J50 -> 471.68
A69: 2.3 | C69: Benefícios Mensais e Diários | J69: =J63 -> 153.6
A70: Total | J70: =SUM(J67+J68+J69) -> 824.38
A72: Módulo 3 - Provisão para Rescisão | L72: DEMONSTRATIVO DAS ALÍQUOTAS DE CUSTO ANTES E APÓS A LEI 13.932/2019
A73: 3 | B73: Provisão para Rescisão | J73: Valor (R$) | L73: ANTES DA LEI 13.932/2019 | M73: DEPOIS DA LEI 13.932/2019
A74: A | B74: Aviso Prévio Indenizado Aviso-prévio indenizado Cálculo do valor = {Rem/12 + 13º/12=(Rem/12)/12 + Férias/12=(Rem/12)/12 + (1/3xFérias)/12=1/3x[(Rem/12)/12]} x (30/30=1) x 1% de rotatividade anual - Os reflexos de 13º, F e 1/3F são referentes a 1 mês de APInd - Na prorrogação, poderão ser considerados 3 dias conforme Lei nº 12.506/2011, dependendo da análise do nº de ocorrências deste evento no período | J74: =ROUND((($J$29/12)+($J$34/12)+($J$29/12/12)+($J$35/12))*(30/30)*0.05,2) -> 6.39 | L74: MULTA FGTS E 10% CONTRIBUIÇAO SOBRE O AVISO PRÉVIO INDENIZADO | M74: MULTA FGTS SOBRE O AVISO PRÉVIO INDENIZADO
A75: B | B75: Incidência do FGTS sobre o Aviso Prévio Indenizado | J75: =ROUND($J$74*I49,2) -> 0.51
A76: C | B76: Multa do FGTS e contribuição social sobre o Aviso Prévio Indenizado Obrigatória a cotação de 0,19% sobre o valor do Módulo 1 – Composição da Remuneração, conforme Anexo XII da IN Seges nº 5/2017 (0,19% + 3,81%= 4,0%) - (Lei 13.932, de 11 de dezembro de 2019) | I76: 0.0019 | J76: =ROUND($J$29*I76,2) -> 2.44 | K76: 2.71 | L76: FGTS x API =[8% x( 40%+10%)] x [(1+1/12+1/12+(1/3*1/12)] x *5%*100 = 0,24% | M76: FGTS x API =(8% x 40%) x [(1+1/12+1/12+(1/3*1/12)] x *5%*100 = 0,19%
A77: D | B77: Aviso Prévio Trabalhado (negociar extinção/redução na 1ª prorrogação) Cálculo do valor= [(Rem/30)x7]/12 meses do contratox90% dos empregados - ao final do contrato | J77: =(J29/30*7)/12*0.9 -> 22.43045
A78: E | B78: Incidência dos encargos do Submódulo 2.2 sobre o Aviso Prévio Trabalhado | J78: =ROUND($I$50*J77,2) -> 8.25 | L78: MULTA FGTS E 10% CONTRIBUIÇAO SOBRE O AVISO PRÉVIO TRABALHADO | M78: MULTA FGTS SOBRE O AVISO PRÉVIO TRABALHADO
A79: F | B79: Multa do FGTS e contribuição social sobre o Aviso Prévio Trabalhado Obrigatória a cotação de 3,81% sobre o valor do Módulo 1 – Composição da Remuneração, conforme Anexo XII da IN Seges nº 5/2017 (3,81%+0,19% = 4,0%) - (Lei 13.932, de 11 de dezembro de 2019) | I79: 0.0381 | J79: =ROUND($J$29*I79,2) -> 48.83 | K79: 53.72
A80: Total | J80: =SUM(J74:J79) -> 88.85045 | L80: FGTS x APT =[8% x( 40%+10%)] x [(1+1/12+1/12+(1/3*1/12)] x*100 = 4,76% | M80: FGTS x APT =(8% x 40%) x [(1+1/12+1/12+(1/3*1/12)] x 100 = 3,81%
A82: Módulo 4 - Custo de Reposição do Profissional Ausente | L82: Soma das Alíquotas = 0,24% + 4,76% = 5% | M82: Soma das Alíquotas = 0,19% + 3,81% = 4%
A83: Base de cálculo para o Custo de Reposição do Profissional Ausente (substituto): BCCPA = Rem + 13º + Férias + 1/3Férias | J83: =J86+J29+J34+J35 -> 1543.6
A85: 4.1 | B85: Substituto nas Ausências Legais | J85: Valor (R$)
A86: A | B86: Substituto na cobertura de Férias | I86: 0.09075 | J86: =ROUND(($J$29*I86),2) -> 116.32
A87: B | B87: Substituto na cobertura de Ausências Legais Cálculo do valor = [(BCCPA/30)x2,96dias]/12 | J87: =ROUND((($J$83/30)*2.96)/12,2) -> 12.69
A88: C | B88: Substituto na cobertura de Licença-Paternidade Cálculo do valor = {[(BCCPA/30)x5dias]/12}x1,5% | J88: =ROUND((($J$83/30)*5)/12*0.015,2) -> 0.32
A89: D | B89: Substituto na cobertura de Ausência por acidente de trabalho Cálculo do valor = {[(BCCPA/30)x15dias]/12}x0,78% | J89: =ROUND(((($J$83/30)*15)/12)*0.0078,2) -> 0.5
A90: E | B90: Substituto na cobertura de Afastamento Maternidade Cálculo do valor = {[(Rem+1/3Rem)/12]x(4/12)}x2% | J90: =ROUND(((($J$29+$J$29/3)*4/12)/12)*0.01,2) -> 0.47
A91: F | B91: Substituto na cobertura de Ausência por doença Cálculo do valor = [(BCCPA)/30)x5dias]/12 | J91: =ROUND(((($J$83/30)*5)/12),2) -> 21.44
A92: Total | J92: =SUM(J86:J91) -> 151.74
A93: G | B93: Incidência dos encargos do Submódulo 2.2 sobre o total do Submódulo 4.1 | J93: =ROUND(I50*J92,2) -> 55.84
A94: Total | J94: =SUM(J92:J93) -> 207.58
A95: Submódulo 4.2 – Substituto na Intrajornada
A96: 4.2 | B96: Substituto na Intrajornada | J96: Valor (R$)
A97: A | B97: Substituto na cobertura de Intervalo para repouso ou alimentação | J97: 0
A98: Total | J98: 0
A99: B | B99: Incidência dos encargos do Submódulo 2.2 sobre o total do Submódulo 4.2 | J99: =ROUND(I50*J98,2) -> 0
A100: Total | J100: =SUM(J98:J99) -> 0
A102: Quadro-Resumo do Módulo 4 – Custo de Reposição do Profissional Ausente
A103: 4 | B103: Custo de Reposição do Profissional Ausente | J103: Valor (R$)
A104: 4.1 | B104: Ausências Legais | J104: =J94 -> 207.58
A105: 4.2 | B105: Intrajornada | J105: =J100 -> 0
A106: Total | J106: =SUM(J104+J105) -> 207.58
A108: Módulo 5 – Insumos Diversos
A109: 5 | B109: Insumos diversos | J109: Valor (R$)
A110: A | B110: Uniformes | J110: =INSUMOS!E78 -> 40.85
A111: B | B111: EPI's | J111: =INSUMOS!G68 -> 39.988
A112: C | B112: Equipamentos | J112: =INSUMOS!F181 -> 2.1083333
...

Sheet Pintor
A1: MANUTENÇÃO PREDIAL - Regime de Tributação: Lucro Real
A2: ANEXO I do TR do Pregão IFSul nº XX/2022 - CONTA VINCULADA Câmpus Pelotas - Visconde da Graça PLANILHA DE CUSTOS E FORMAÇÃO DE PREÇOS
A3: Nº do processo: | H3: 23341.000967.2021-69
A4: Licitação nº:
A5: Dia:
A6: DISCRIMINAÇÃO DOS SERVIÇOS (DADOS REFERENTES À CONTRATAÇÃO)
A7: A | B7: Data de apresentação da proposta (dia/mês/ano)
A8: B | B8: Município/UF | H8: Pelotas/RS
A9: C | B9: Ano do Acordo, Convenção ou Dissídio Coletivo | H9: RS000047/2020 - SINDUSCON
A10: D | B10: Número de meses de execução contratual | H10: 12
A12: 1. MÓDULOS Mão de obra Mão de obra vinculada à execução contratual
A14: Dados para composição dos custos referente à mão de obra
A15: 1 | B15: Tipo de Serviço (mesmo serviço com características distintas) | H15: Manutenção Predial
A16: 2 | B16: Classificação Brasileira de Ocupações (CBO) | H16: 7166-10
A17: 3 | B17: Salário Normativo da Categoria Profissional - para a jornada de 44 h/sem | H17: 1636.79
A18: 4 | B18: Categoria Profissional (vinculada à execução contratual) | H18: Pintor de Obras
A19: 5 | B19: Data-Base da Categoria (dia/mês/ano) | H19: 1° de maio
A21: Módulo 1: Composição da Remuneração
A22: 1 | B22: Composição da Remuneração | H22: Percentual (R$) | J22: Valor (R$)
A23: A | B23: Salário-Base (valor para somente 1 Pintor - 44h/semana) | J23: =H17 -> 1636.79
A24: B | B24: Adicional de Periculosidade | I24: 0 | J24: =ROUND(I24*J23,2) -> 0
A25: C | B25: Adicional Noturno
A26: D | B26: Adicional de Hora Noturna Reduzida
A27: E | B27: Adicional de Hora Extra no Feriado Trabalhado
A28: B | B28: Adicional de Insalubridade | I28: 0 | J28: =ROUND(I28*J23,2) -> 0
A29: Total | J29: =SUM(J23:J28) -> 1636.79
A31: Módulo 2 – Encargos e Benefícios Anuais, Mensais e Diários
A32: Submódulo 2.1 – 13º (décimo terceiro) Salário e Adicional de Férias
A33: 2.1 | B33: 13º (décimo terceiro) Salário e Adicional de Férias | J33: Valor (R$)
A34: A | B34: 13º (décimo terceiro) Salário Obrigatória a cotação de 8,33% sobre o valor do Módulo 1 – Composição da Remuneração, conforme Anexo XII da IN 5/17 | I34: 0.0833 | J34: =ROUND($J$29*I34,2) -> 136.34
A35: B | B35: Adicional de Férias Obrigatória a cotação de 3,025% sobre o valor do Módulo 1 – Composição da Remuneração, conforme Anexo XII da IN 5/17 (Férias + Adicional = 9,075% + 3,025% = 12,10%) | I35: 0.03025 | J35: =ROUND($J$29*I35,2) -> 49.51
A36: Total | J36: =SUM(J34+J35) -> 185.85
A37: C | B37: Incidência dos encargos do Submódulo 2.2 sobre o total do Submódulo 2.1 | J37: =ROUND(I50*J36,2) -> 68.39
A38: Total | J38: =J36+J37 -> 254.24
A40: Submódulo 2.2 - Encargos Previdenciários (GPS), Fundo de Garantia por Tempo de Serviço (FGTS) e outras contribuições
A41: 2.2 | B41: GPS, FGTS e outras contribuições | I41: Percentual (%) | J41: Valor (R$)
A42: A | B42: INSS | I42: 0.2 | J42: =ROUND($J$29*I42,2) -> 327.36
A43: B | B43: Salário Educação | I43: 0.025 | J43: =ROUND($J$29*I43,2) -> 40.92
A44: C | B44: RAT x FAP | E44: RAT = | F44: 0.03 | G44: FAP = | H44: 1 | I44: 0.03 | J44: =ROUND($J$29*I44,2) -> 49.1
A45: D | B45: SESC ou SESI | I45: 0.015 | J45: =ROUND($J$29*I45,2) -> 24.55
A46: E | B46: SENAC ou SENAI | I46: 0.01 | J46: =ROUND($J$29*I46,2) -> 16.37
A47: F | B47: SEBRAE | I47: 0.006 | J47: =ROUND($J$29*I47,2) -> 9.82
A48: G | B48: INCRA | I48: 0.002 | J48: =ROUND($J$29*I48,2) -> 3.27
A49: H | B49: FGTS | I49: 0.08 | J49: =ROUND($J$29*I49,2) -> 130.94
A50: Total | I50: =SUM(I42:I49) -> 0.368 | J50: =SUM(J42:J49) -> 602.33
A52: Submódulo 2.3 – Benefícios Mensais e Diários
A53: 2.3 | B53: Benefícios Mensais e Diários | J53: Valor (R$)
A54: A | B54: Transporte Cálculo do valor: [(2xVTx22) – (6%xSB)] | J54: =IF(ROUND((I57*I55*I56)-(J23*0.06),2)<0,0,ROUND((I57*I55*I56)-(J23*0.06),2))*1+(I55*I56*21.726-0.06*J23)*0 -> 99.79
B55: A.1) Valor da passagem do transporte coletivo no município de prestação dos serviços: | I55: 4.5 | J55: -
B56: A.2) Quantidade de passagens por dia por empregado: | I56: 2 | J56: -
B57: A.3) Quantidade de dias do mês de recebimento de passagens | I57: 22 | J57: -
A58: B | B58: Auxílio-Refeição/Alimentação Cálculo do valor = [(22xVA)x(1-0,19)] | J58: =ROUND(I60*I59*(1-0.18),2)*1+ROUND(21.726*6*(1-0.18),2)*0 -> 0
B59: B.1) Valor do auxílio-alimentação (Não Consta na CCT MTE: RS000047/2020) | I59: 0 | J59: -
B60: B.2) Quantidade de dias do mês de recebimento de auxílio-alimentação | I60: 22 | J60: -
A61: C | B61: Seguro contra riscos de acidente de trabalho (Não Consta na CCT MTE: RS000047/2020) | J61: 0
A62: D | B62: Auxílio Educação (cláusula 13 da CCT 2020) MTE: RS000047/2020 | J62: 32.5
A63: Total | J63: =SUM(J54:J62) -> 132.29
A65: Quadro-Resumo do Módulo 2 – Encargos e Benefícios Anuais, Mensais e Diários
A66: 2 | B66: Encargos e Benefícios Anuais, Mensais e Diários | J66: Valor (R$)
A67: 2.1 | C67: 13º (décimo terceiro) Salário e Adicional de Férias | J67: =J38 -> 254.24
A68: 2.2 | C68: GPS, FGTS e outras contribuições | J68: =J50 -> 602.33
A69: 2.3 | C69: Benefícios Mensais e Diários | J69: =J63 -> 132.29
A70: Total | J70: =SUM(J67+J68+J69) -> 988.86
A72: Módulo 3 - Provisão para Rescisão | L72: DEMONSTRATIVO DAS ALÍQUOTAS DE CUSTO ANTES E APÓS A LEI 13.932/2019
A73: 3 | B73: Provisão para Rescisão | J73: Valor (R$) | L73: ANTES DA LEI 13.932/2019 | M73: DEPOIS DA LEI 13.932/2019
A74: A | B74: Aviso Prévio Indenizado Aviso-prévio indenizado Cálculo do valor = {Rem/12 + 13º/12=(Rem/12)/12 + Férias/12=(Rem/12)/12 + (1/3xFérias)/12=1/3x[(Rem/12)/12]} x (30/30=1) x 5% de rotatividade anual - Os reflexos de 13º, F e 1/3F são referentes a 1 mês de APInd - Na prorrogação, poderão ser considerados 3 dias conforme Lei nº 12.506/2011, dependendo da análise do nº de ocorrências deste evento no período | J74: =ROUND((($J$29/12)+($J$34/12)+($J$29/12/12)+($J$35/12))*(30/30)*0.05,2) -> 8.16 | L74: MULTA FGTS E 10% CONTRIBUIÇAO SOBRE O AVISO PRÉVIO INDENIZADO | M74: MULTA FGTS SOBRE O AVISO PRÉVIO INDENIZADO
A75: B | B75: Incidência do FGTS sobre o Aviso Prévio Indenizado | J75: =ROUND($J$74*I49,2) -> 0.65
A76: C | B76: Multa do FGTS e contribuição social sobre o Aviso Prévio Indenizado Obrigatória a cotação de 0,19% sobre o valor do Módulo 1 – Composição da Remuneração, conforme Anexo XII da IN Seges nº 5/2017 (0,19% + 3,81%= 4,0%) - (Lei 13.932, de 11 de dezembro de 2019) | I76: 0.0019 | J76: =ROUND($J$29*I76,2) -> 3.11 | L76: FGTS x API =[8% x( 40%+10%)] x [(1+1/12+1/12+(1/3*1/12)] x *5%*100 = 0,24% | M76: FGTS x API =(8% x 40%) x [(1+1/12+1/12+(1/3*1/12)] x *5%*100 = 0,19%
A77: D | B77: Aviso Prévio Trabalhado (negociar extinção/redução na 1ª prorrogação) Cálculo do valor= [(Rem/30)x7]/12 meses do contratox90% dos empregados - ao final do contrato | J77: =(J29/30*7)/12*0.9 -> 28.643825
A78: E | B78: Incidência dos encargos do Submódulo 2.2 sobre o Aviso Prévio Trabalhado | J78: =ROUND($I$50*J77,2) -> 10.54 | L78: MULTA FGTS E 10% CONTRIBUIÇAO SOBRE O AVISO PRÉVIO TRABALHADO | M78: MULTA FGTS SOBRE O AVISO PRÉVIO TRABALHADO
A79: F | B79: Multa do FGTS e contribuição social sobre o Aviso Prévio Trabalhado Obrigatória a cotação de 3,81% sobre o valor do Módulo 1 – Composição da Remuneração, conforme Anexo XII da IN Seges nº 5/2017 (3,81%+0,19% = 4,0%) - (Lei 13.932, de 11 de dezembro de 2019) | I79: 0.0381 | J79: =ROUND($J$29*I79,2) -> 62.36
A80: Total | J80: =SUM(J74:J79) -> 113.46382 | L80: FGTS x APT =[8% x( 40%+10%)] x [(1+1/12+1/12+(1/3*1/12)] x*100 = 4,76% | M80: FGTS x APT =(8% x 40%) x [(1+1/12+1/12+(1/3*1/12)] x 100 = 3,81%
A82: Módulo 4 - Custo de Reposição do Profissional Ausente | L82: Soma das Alíquotas = 0,24% + 4,76% = 5% | M82: Soma das Alíquotas = 0,19% + 3,81% = 4%
A83: Base de cálculo para o Custo de Reposição do Profissional Ausente (substituto): BCCPA = Rem + 13º + Férias + 1/3Férias | J83: =J86+J29+J34+J35 -> 1971.18
A85: 4.1 | B85: Substituto nas Ausências Legais | J85: Valor (R$)
A86: A | B86: Substituto na cobertura de Férias | I86: 0.09075 | J86: =ROUND(($J$29*I86),2) -> 148.54
A87: B | B87: Substituto na cobertura de Ausências Legais Cálculo do valor = [(BCCPA/30)x2,96dias]/12 | J87: =ROUND((($J$83/30)*2.96)/12,2) -> 16.21
A88: C | B88: Substituto na cobertura de Licença-Paternidade Cálculo do valor = {[(BCCPA/30)x5dias]/12}x1,5% | J88: =ROUND((($J$83/30)*5)/12*0.015,2) -> 0.41
A89: D | B89: Substituto na cobertura de Ausência por acidente de trabalho Cálculo do valor = {[(BCCPA/30)x15dias]/12}x0,78% | J89: =ROUND(((($J$83/30)*15)/12)*0.0078,2) -> 0.64
A90: E | B90: Substituto na cobertura de Afastamento Maternidade Cálculo do valor = {[(Rem+1/3Rem)/12]x(4/12)}x2% | J90: =ROUND(((($J$29+$J$29/3)*4/12)/12)*0.01,2) -> 0.61
A91: F | B91: Substituto na cobertura de Ausência por doença Cálculo do valor = [(BCCPA)/30)x5dias]/12 | J91: =ROUND(((($J$83/30)*5)/12),2) -> 27.38
A92: Total | J92: =SUM(J86:J91) -> 193.79
A93: G | B93: Incidência dos encargos do Submódulo 2.2 sobre o total do Submódulo 4.1 | J93: =ROUND(I50*J92,2) -> 71.31
A94: Total | J94: =SUM(J92:J93) -> 265.1
A95: Submódulo 4.2 – Substituto na Intrajornada
A96: 4.2 | B96: Substituto na Intrajornada | J96: Valor (R$)
A97: A | B97: Substituto na cobertura de Intervalo para repouso ou alimentação | J97: 0
A98: Total | J98: 0
A99: B | B99: Incidência dos encargos do Submódulo 2.2 sobre o total do Submódulo 4.2 | J99: =ROUND(I50*J98,2) -> 0
A100: Total | J100: =SUM(J98:J99) -> 0
A102: Quadro-Resumo do Módulo 4 – Custo de Reposição do Profissional Ausente
A103: 4 | B103: Custo de Reposição do Profissional Ausente | J103: Valor (R$)
A104: 4.1 | B104: Ausências Legais | J104: =J94 -> 265.1
A105: 4.2 | B105: Intrajornada | J105: =J100 -> 0
A106: Total | J106: =SUM(J104+J105) -> 265.1
A108: Módulo 5 – Insumos Diversos
A109: 5 | B109: Insumos diversos | J109: Valor (R$)
A110: A | B110: Uniformes | J110: =INSUMOS!E102 -> 40.85
A111: B | B111: EPI's | J111: =INSUMOS!G92 -> 36.131333
A112: C | B112: Equipamentos | J112: =INSUMOS!F181 -> 2.1083333
...

Sheet Serralheiro
A1: MANUTENÇÃO PREDIAL - Regime de Tributação: Lucro Real
A2: ANEXO I do TR do Pregão IFSul nº XX/2022 - CONTA VINCULADA Câmpus Pelotas - Visconde da Graça PLANILHA DE CUSTOS E FORMAÇÃO DE PREÇOS
A3: Nº do processo: | H3: 23341.000967.2021-69
A4: Licitação nº:
A5: Dia:
A6: DISCRIMINAÇÃO DOS SERVIÇOS (DADOS REFERENTES À CONTRATAÇÃO)
A7: A | B7: Data de apresentação da proposta (dia/mês/ano)
A8: B | B8: Município/UF | H8: Pelotas/RS
A9: C | B9: Ano do Acordo, Convenção ou Dissídio Coletivo | H9: RS000047/2020 - SINDUSCON
A10: D | B10: Número de meses de execução contratual | H10: 12
A12: 1. MÓDULOS Mão de obra Mão de obra vinculada à execução contratual
A14: Dados para composição dos custos referente à mão de obra
A15: 1 | B15: Tipo de Serviço (mesmo serviço com características distintas) | H15: Manutenção Predial
A16: 2 | B16: Classificação Brasileira de Ocupações (CBO) | H16: 7244-40
A17: 3 | B17: Salário Normativo da Categoria Profissional - para a jornada de 44 h/sem | H17: 1636.79
A18: 4 | B18: Categoria Profissional (vinculada à execução contratual) | H18: Serralheiro
A19: 5 | B19: Data-Base da Categoria (dia/mês/ano) | H19: 1° de maio
A21: Módulo 1: Composição da Remuneração
A22: 1 | B22: Composição da Remuneração | H22: Percentual (R$) | J22: Valor (R$)
A23: A | B23: Salário-Base (valor para somente 1 Serralheiro - 44h/semana) | J23: 1636.79
A24: B | B24: Adicional de Periculosidade | I24: 0 | J24: =ROUND(I24*J23,2) -> 0
A25: C | B25: Adicional Noturno
A26: D | B26: Adicional de Hora Noturna Reduzida
A27: E | B27: Adicional de Hora Extra no Feriado Trabalhado
A28: B | B28: Adicional de Insalubridade | I28: 0 | J28: =ROUND(I28*J23,2) -> 0
A29: Total | J29: =SUM(J23:J28) -> 1636.79
A31: Módulo 2 – Encargos e Benefícios Anuais, Mensais e Diários
A32: Submódulo 2.1 – 13º (décimo terceiro) Salário e Adicional de Férias
A33: 2.1 | B33: 13º (décimo terceiro) Salário e Adicional de Férias | J33: Valor (R$)
A34: A | B34: 13º (décimo terceiro) Salário Obrigatória a cotação de 8,33% sobre o valor do Módulo 1 – Composição da Remuneração, conforme Anexo XII da IN 5/17 | I34: 0.0833 | J34: =ROUND($J$29*I34,2) -> 136.34
A35: B | B35: Adicional de Férias Obrigatória a cotação de 3,025% sobre o valor do Módulo 1 – Composição da Remuneração, conforme Anexo XII da IN 5/17 (Férias + Adicional = 9,075% + 3,025% = 12,10%) | I35: 0.03025 | J35: =ROUND($J$29*I35,2) -> 49.51
A36: Total | J36: =SUM(J34+J35) -> 185.85
A37: C | B37: Incidência dos encargos do Submódulo 2.2 sobre o total do Submódulo 2.1 | J37: =ROUND(I50*J36,2) -> 68.39
A38: Total | J38: =J36+J37 -> 254.24
A40: Submódulo 2.2 - Encargos Previdenciários (GPS), Fundo de Garantia por Tempo de Serviço (FGTS) e outras contribuições
A41: 2.2 | B41: GPS, FGTS e outras contribuições | I41: Percentual (%) | J41: Valor (R$)
A42: A | B42: INSS | I42: 0.2 | J42: =ROUND($J$29*I42,2) -> 327.36
A43: B | B43: Salário Educação | I43: 0.025 | J43: =ROUND($J$29*I43,2) -> 40.92
A44: C | B44: RAT x FAP | E44: RAT = | F44: 0.03 | G44: FAP = | H44: 1 | I44: 0.03 | J44: =ROUND($J$29*I44,2) -> 49.1
A45: D | B45: SESC ou SESI | I45: 0.015 | J45: =ROUND($J$29*I45,2) -> 24.55
A46: E | B46: SENAC ou SENAI | I46: 0.01 | J46: =ROUND($J$29*I46,2) -> 16.37
A47: F | B47: SEBRAE | I47: 0.006 | J47: =ROUND($J$29*I47,2) -> 9.82
A48: G | B48: INCRA | I48: 0.002 | J48: =ROUND($J$29*I48,2) -> 3.27
A49: H | B49: FGTS | I49: 0.08 | J49: =ROUND($J$29*I49,2) -> 130.94
A50: Total | I50: =SUM(I42:I49) -> 0.368 | J50: =SUM(J42:J49) -> 602.33
A52: Submódulo 2.3 – Benefícios Mensais e Diários
A53: 2.3 | B53: Benefícios Mensais e Diários | J53: Valor (R$)
A54: A | B54: Transporte Cálculo do valor: [(2xVTx22) – (6%xSB)] | J54: =IF(ROUND((I57*I55*I56)-(J23*0.06),2)<0,0,ROUND((I57*I55*I56)-(J23*0.06),2))*1+(I55*I56*21.726-0.06*J23)*0 -> 99.79
B55: A.1) Valor da passagem do transporte coletivo no município de prestação dos serviços: | I55: 4.5 | J55: -
B56: A.2) Quantidade de passagens por dia por empregado: | I56: 2 | J56: -
B57: A.3) Quantidade de dias do mês de recebimento de passagens | I57: 22 | J57: -
A58: B | B58: Auxílio-Refeição/Alimentação Cálculo do valor = [(22xVA)x(1-0,19)] | J58: =ROUND(I60*I59*(1-0.18),2)*1+ROUND(21.726*6*(1-0.18),2)*0 -> 0
B59: B.1) Valor do auxílio-alimentação (Não Consta na CCT MTE: RS000047/2020) | I59: 0 | J59: -
B60: B.2) Quantidade de dias do mês de recebimento de auxílio-alimentação | I60: 22 | J60: -
A61: C | B61: Seguro contra riscos de acidente de trabalho (Não Consta na CCT MTE: RS000047/2020) | J61: 0
A62: D | B62: Auxílio Educação (cláusula 13 da CCT 2020) MTE: RS000047/2020 | J62: 32.5
A63: Total | J63: =SUM(J54:J62) -> 132.29
A65: Quadro-Resumo do Módulo 2 – Encargos e Benefícios Anuais, Mensais e Diários
A66: 2 | B66: Encargos e Benefícios Anuais, Mensais e Diários | J66: Valor (R$)
A67: 2.1 | C67: 13º (décimo terceiro) Salário e Adicional de Férias | J67: =J38 -> 254.24
A68: 2.2 | C68: GPS, FGTS e outras contribuições | J68: =J50 -> 602.33
A69: 2.3 | C69: Benefícios Mensais e Diários | J69: =J63 -> 132.29
A70: Total | J70: =SUM(J67+J68+J69) -> 988.86
A72: Módulo 3 - Provisão para Rescisão | L72: DEMONSTRATIVO DAS ALÍQUOTAS DE CUSTO ANTES E APÓS A LEI 13.932/2019
A73: 3 | B73: Provisão para Rescisão | J73: Valor (R$) | L73: ANTES DA LEI 13.932/2019 | M73: DEPOIS DA LEI 13.932/2019
A74: A | B74: Aviso Prévio Indenizado Aviso-prévio indenizado Cálculo do valor = {Rem/12 + 13º/12=(Rem/12)/12 + Férias/12=(Rem/12)/12 + (1/3xFérias)/12=1/3x[(Rem/12)/12]} x (30/30=1) x 1% de rotatividade anual - Os reflexos de 13º, F e 1/3F são referentes a 1 mês de APInd - Na prorrogação, poderão ser considerados 3 dias conforme Lei nº 12.506/2011, dependendo da análise do nº de ocorrências deste evento no período | J74: =ROUND((($J$29/12)+($J$34/12)+($J$29/12/12)+($J$35/12))*(30/30)*0.05,2) -> 8.16 | L74: MULTA FGTS E 10% CONTRIBUIÇAO SOBRE O AVISO PRÉVIO INDENIZADO | M74: MULTA FGTS SOBRE O AVISO PRÉVIO INDENIZADO
A75: B | B75: Incidência do FGTS sobre o Aviso Prévio Indenizado | J75: =ROUND($J$74*I49,2) -> 0.65
A76: C | B76: Multa do FGTS e contribuição social sobre o Aviso Prévio Indenizado Obrigatória a cotação de 0,19% sobre o valor do Módulo 1 – Composição da Remuneração, conforme Anexo XII da IN Seges nº 5/2017 (0,19% + 3,81%= 4,0%) - (Lei 13.932, de 11 de dezembro de 2019) | I76: 0.0019 | J76: =ROUND($J$29*I76,2) -> 3.11 | K76: 3.06 | L76: FGTS x API =[8% x( 40%+10%)] x [(1+1/12+1/12+(1/3*1/12)] x *5%*100 = 0,24% | M76: FGTS x API =(8% x 40%) x [(1+1/12+1/12+(1/3*1/12)] x *5%*100 = 0,19%
A77: D | B77: Aviso Prévio Trabalhado (negociar extinção/redução na 1ª prorrogação) Cálculo do valor= [(Rem/30)x7]/12 meses do contratox90% dos empregados - ao final do contrato | J77: =(J29/30*7)/12*0.9 -> 28.643825
A78: E | B78: Incidência dos encargos do Submódulo 2.2 sobre o Aviso Prévio Trabalhado | J78: =ROUND($I$50*J77,2) -> 10.54 | L78: MULTA FGTS E 10% CONTRIBUIÇAO SOBRE O AVISO PRÉVIO TRABALHADO | M78: MULTA FGTS SOBRE O AVISO PRÉVIO TRABALHADO
A79: F | B79: Multa do FGTS e contribuição social sobre o Aviso Prévio Trabalhado Obrigatória a cotação de 3,81% sobre o valor do Módulo 1 – Composição da Remuneração, conforme Anexo XII da IN Seges nº 5/2017 (3,81%+0,19% = 4,0%) - (Lei 13.932, de 11 de dezembro de 2019) | I79: 0.0381 | J79: =ROUND($J$29*I79,2) -> 62.36 | K79: 60.73
A80: Total | J80: =SUM(J74:J79) -> 113.46382 | L80: FGTS x APT =[8% x( 40%+10%)] x [(1+1/12+1/12+(1/3*1/12)] x*100 = 4,76% | M80: FGTS x APT =(8% x 40%) x [(1+1/12+1/12+(1/3*1/12)] x 100 = 3,81%
A82: Módulo 4 - Custo de Reposição do Profissional Ausente | L82: Soma das Alíquotas = 0,24% + 4,76% = 5% | M82: Soma das Alíquotas = 0,19% + 3,81% = 4%
A83: Base de cálculo para o Custo de Reposição do Profissional Ausente (substituto): BCCPA = Rem + 13º + Férias + 1/3Férias | J83: =J86+J29+J34+J35 -> 1971.18
A85: 4.1 | B85: Substituto nas Ausências Legais | J85: Valor (R$)
A86: A | B86: Substituto na cobertura de Férias | I86: 0.09075 | J86: =ROUND(($J$29*I86),2) -> 148.54
A87: B | B87: Substituto na cobertura de Ausências Legais Cálculo do valor = [(BCCPA/30)x2,96dias]/12 | J87: =ROUND((($J$83/30)*2.96)/12,2) -> 16.21
A88: C | B88: Substituto na cobertura de Licença-Paternidade Cálculo do valor = {[(BCCPA/30)x5dias]/12}x1,5% | J88: =ROUND((($J$83/30)*5)/12*0.015,2)*0 -> 0
A89: D | B89: Substituto na cobertura de Ausência por acidente de trabalho Cálculo do valor = {[(BCCPA/30)x15dias]/12}x0,78% | J89: =ROUND(((($J$83/30)*15)/12)*0.0078,2) -> 0.64
A90: E | B90: Substituto na cobertura de Afastamento Maternidade Cálculo do valor = {[(Rem+1/3Rem)/12]x(4/12)}x1% | J90: =ROUND(((($J$29+$J$29/3)*4/12)/12)*0.01,2) -> 0.61
A91: F | B91: Substituto na cobertura de Ausência por doença Cálculo do valor = [(BCCPA)/30)x5dias]/12 | J91: =ROUND(((($J$83/30)*5)/12),2) -> 27.38
A92: Total | J92: =SUM(J86:J91) -> 193.38
A93: G | B93: Incidência dos encargos do Submódulo 2.2 sobre o total do Submódulo 4.1 | J93: =ROUND(I50*J92,2) -> 71.16
A94: Total | J94: =SUM(J92:J93) -> 264.54
A95: Submódulo 4.2 – Substituto na Intrajornada
A96: 4.2 | B96: Substituto na Intrajornada | J96: Valor (R$)
A97: A | B97: Substituto na cobertura de Intervalo para repouso ou alimentação | J97: 0
A98: Total | J98: 0
A99: B | B99: Incidência dos encargos do Submódulo 2.2 sobre o total do Submódulo 4.2 | J99: =ROUND(I50*J98,2) -> 0
A100: Total | J100: =SUM(J98:J99) -> 0
A102: Quadro-Resumo do Módulo 4 – Custo de Reposição do Profissional Ausente
A103: 4 | B103: Custo de Reposição do Profissional Ausente | J103: Valor (R$)
A104: 4.1 | B104: Ausências Legais | J104: =J94 -> 264.54
A105: 4.2 | B105: Intrajornada | J105: =J100 -> 0
A106: Total | J106: =SUM(J104+J105) -> 264.54
A108: Módulo 5 – Insumos Diversos
A109: 5 | B109: Insumos diversos | J109: Valor (R$)
A110: A | B110: Uniformes | J110: =INSUMOS!E128 -> 40.85
A111: B | B111: EPI's | J111: =INSUMOS!G118 -> 51.2125
A112: C | B112: Equipamentos | J112: =INSUMOS!F181 -> 2.1083333
...

Sheet Marceneiro
A1: MANUTENÇÃO PREDIAL - Regime de Tributação: Lucro Real
A2: ANEXO I do TR do Pregão IFSul nº XX/2022 - CONTA VINCULADA Câmpus Pelotas - Visconde da Graça PLANILHA DE CUSTOS E FORMAÇÃO DE PREÇOS
A3: Nº do processo: | H3: 23341.000967.2021-69
A4: Licitação nº:
A5: Dia:
A6: DISCRIMINAÇÃO DOS SERVIÇOS (DADOS REFERENTES À CONTRATAÇÃO)
A7: A | B7: Data de apresentação da proposta (dia/mês/ano)
A8: B | B8: Município/UF | H8: Pelotas/RS
A9: C | B9: Ano do Acordo, Convenção ou Dissídio Coletivo | H9: RS000047/2020 - SINDUSCON
A10: D | B10: Número de meses de execução contratual | H10: 12
A12: 1. MÓDULOS Mão de obra Mão de obra vinculada à execução contratual
A14: Dados para composição dos custos referente à mão de obra
A15: 1 | B15: Tipo de Serviço (mesmo serviço com características distintas) | H15: Manutenção Predial
A16: 2 | B16: Classificação Brasileira de Ocupações (CBO) | H16: 7711-05
A17: 3 | B17: Salário Normativo da Categoria Profissional - para a jornada de 44 h/sem | H17: 1636.79
A18: 4 | B18: Categoria Profissional (vinculada à execução contratual) | H18: Marceneiro
A19: 5 | B19: Data-Base da Categoria (dia/mês/ano) | H19: 1° de maio
A21: Módulo 1: Composição da Remuneração
A22: 1 | B22: Composição da Remuneração | H22: Percentual (R$) | J22: Valor (R$)
A23: A | B23: Salário-Base (valor para somente 1 Marceneiro - 44h/semana) | J23: =H17 -> 1636.79
A24: B | B24: Adicional de Periculosidade | I24: 0 | J24: =ROUND(I24*J23,2) -> 0
A25: C | B25: Adicional Noturno
A26: D | B26: Adicional de Hora Noturna Reduzida
A27: E | B27: Adicional de Hora Extra no Feriado Trabalhado
A28: B | B28: Adicional de Insalubridade | I28: 0 | J28: =ROUND(I28*J23,2) -> 0
A29: Total | J29: =SUM(J23:J28) -> 1636.79
A31: Módulo 2 – Encargos e Benefícios Anuais, Mensais e Diários
A32: Submódulo 2.1 – 13º (décimo terceiro) Salário e Adicional de Férias
A33: 2.1 | B33: 13º (décimo terceiro) Salário e Adicional de Férias | J33: Valor (R$)
A34: A | B34: 13º (décimo terceiro) Salário Obrigatória a cotação de 8,33% sobre o valor do Módulo 1 – Composição da Remuneração, conforme Anexo XII da IN 5/17 | I34: 0.0833 | J34: =ROUND($J$29*I34,2) -> 136.34
A35: B | B35: Adicional de Férias Obrigatória a cotação de 3,025% sobre o valor do Módulo 1 – Composição da Remuneração, conforme Anexo XII da IN 5/17 (Férias + Adicional = 9,075% + 3,025% = 12,10%) | I35: 0.03025 | J35: =ROUND($J$29*I35,2) -> 49.51
A36: Total | J36: =SUM(J34+J35) -> 185.85
A37: C | B37: Incidência dos encargos do Submódulo 2.2 sobre o total do Submódulo 2.1 | J37: =ROUND(I50*J36,2) -> 68.39
A38: Total | J38: =J36+J37 -> 254.24
A40: Submódulo 2.2 - Encargos Previdenciários (GPS), Fundo de Garantia por Tempo de Serviço (FGTS) e outras contribuições
A41: 2.2 | B41: GPS, FGTS e outras contribuições | I41: Percentual (%) | J41: Valor (R$)
A42: A | B42: INSS | I42: 0.2 | J42: =ROUND($J$29*I42,2) -> 327.36
A43: B | B43: Salário Educação | I43: 0.025 | J43: =ROUND($J$29*I43,2) -> 40.92
A44: C | B44: RAT x FAP | E44: RAT = | F44: 0.03 | G44: FAP = | H44: 1 | I44: 0.03 | J44: =ROUND($J$29*I44,2) -> 49.1
A45: D | B45: SESC ou SESI | I45: 0.015 | J45: =ROUND($J$29*I45,2) -> 24.55
A46: E | B46: SENAC ou SENAI | I46: 0.01 | J46: =ROUND($J$29*I46,2) -> 16.37
A47: F | B47: SEBRAE | I47: 0.006 | J47: =ROUND($J$29*I47,2) -> 9.82
A48: G | B48: INCRA | I48: 0.002 | J48: =ROUND($J$29*I48,2) -> 3.27
A49: H | B49: FGTS | I49: 0.08 | J49: =ROUND($J$29*I49,2) -> 130.94
A50: Total | I50: =SUM(I42:I49) -> 0.368 | J50: =SUM(J42:J49) -> 602.33
A52: Submódulo 2.3 – Benefícios Mensais e Diários
A53: 2.3 | B53: Benefícios Mensais e Diários | J53: Valor (R$)
A54: A | B54: Transporte Cálculo do valor: [(2xVTx22) – (6%xSB)] | J54: =IF(ROUND((I57*I55*I56)-(J23*0.06),2)<0,0,ROUND((I57*I55*I56)-(J23*0.06),2))*1+(I55*I56*21.726-0.06*J23)*0 -> 99.79
B55: A.1) Valor da passagem do transporte coletivo no município de prestação dos serviços: | I55: 4.5 | J55: -
B56: A.2) Quantidade de passagens por dia por empregado: | I56: 2 | J56: -
B57: A.3) Quantidade de dias do mês de recebimento de passagens | I57: 22 | J57: -
A58: B | B58: Auxílio-Refeição/Alimentação Cálculo do valor = [(22xVA)x(1-0,19)] | J58: =ROUND(I60*I59*(1-0.18),2)*1+ROUND(21.726*6*(1-0.18),2)*0 -> 0
B59: B.1) Valor do auxílio-alimentação (Não Consta na CCT MTE: RS000047/2020) | I59: 0 | J59: -
B60: B.2) Quantidade de dias do mês de recebimento de auxílio-alimentação | I60: 22 | J60: -
A61: C | B61: Seguro contra riscos de acidente de trabalho (Não Consta na CCT MTE: RS000047/2020) | J61: 0
A62: D | B62: Auxílio Educação (cláusula 13 da CCT 2020) MTE: RS000047/2020 | J62: 32.5
A63: Total | J63: =SUM(J54:J62) -> 132.29
A65: Quadro-Resumo do Módulo 2 – Encargos e Benefícios Anuais, Mensais e Diários
A66: 2 | B66: Encargos e Benefícios Anuais, Mensais e Diários | J66: Valor (R$)
A67: 2.1 | C67: 13º (décimo terceiro) Salário e Adicional de Férias | J67: =J38 -> 254.24
A68: 2.2 | C68: GPS, FGTS e outras contribuições | J68: =J50 -> 602.33
A69: 2.3 | C69: Benefícios Mensais e Diários | J69: =J63 -> 132.29
A70: Total | J70: =SUM(J67+J68+J69) -> 988.86
A72: Módulo 3 - Provisão para Rescisão | L72: DEMONSTRATIVO DAS ALÍQUOTAS DE CUSTO ANTES E APÓS A LEI 13.932/2019
A73: 3 | B73: Provisão para Rescisão | J73: Valor (R$) | L73: ANTES DA LEI 13.932/2019 | M73: DEPOIS DA LEI 13.932/2019
A74: A | B74: Aviso Prévio Indenizado Aviso-prévio indenizado Cálculo do valor = {Rem/12 + 13º/12=(Rem/12)/12 + Férias/12=(Rem/12)/12 + (1/3xFérias)/12=1/3x[(Rem/12)/12]} x (30/30=1) x 1% de rotatividade anual - Os reflexos de 13º, F e 1/3F são referentes a 1 mês de APInd - Na prorrogação, poderão ser considerados 3 dias conforme Lei nº 12.506/2011, dependendo da análise do nº de ocorrências deste evento no período | J74: =ROUND((($J$29/12)+($J$34/12)+($J$29/12/12)+($J$35/12))*(30/30)*0.05,2) -> 8.16 | L74: MULTA FGTS E 10% CONTRIBUIÇAO SOBRE O AVISO PRÉVIO INDENIZADO | M74: MULTA FGTS SOBRE O AVISO PRÉVIO INDENIZADO
A75: B | B75: Incidência do FGTS sobre o Aviso Prévio Indenizado | J75: =ROUND($J$74*I49,2) -> 0.65
A76: C | B76: Multa do FGTS e contribuição social sobre o Aviso Prévio Indenizado Obrigatória a cotação de 0,19% sobre o valor do Módulo 1 – Composição da Remuneração, conforme Anexo XII da IN Seges nº 5/2017 (0,19% + 3,81%= 4,0%) - (Lei 13.932, de 11 de dezembro de 2019) | I76: 0.0019 | J76: =ROUND($J$29*I76,2) -> 3.11 | K76: 3.26 | L76: FGTS x API =[8% x( 40%+10%)] x [(1+1/12+1/12+(1/3*1/12)] x *5%*100 = 0,24% | M76: FGTS x API =(8% x 40%) x [(1+1/12+1/12+(1/3*1/12)] x *5%*100 = 0,19%
A77: D | B77: Aviso Prévio Trabalhado (negociar extinção/redução na 1ª prorrogação) Cálculo do valor= [(Rem/30)x7]/12 meses do contratox90% dos empregados - ao final do contrato | J77: =(J29/30*7)/12*0.9 -> 28.643825
A78: E | B78: Incidência dos encargos do Submódulo 2.2 sobre o Aviso Prévio Trabalhado | J78: =ROUND($I$50*J77,2) -> 10.54 | L78: MULTA FGTS E 10% CONTRIBUIÇAO SOBRE O AVISO PRÉVIO TRABALHADO | M78: MULTA FGTS SOBRE O AVISO PRÉVIO TRABALHADO
A79: F | B79: Multa do FGTS e contribuição social sobre o Aviso Prévio Trabalhado Obrigatória a cotação de 3,81% sobre o valor do Módulo 1 – Composição da Remuneração, conforme Anexo XII da IN Seges nº 5/2017 (3,81%+0,19% = 4,0%) - (Lei 13.932, de 11 de dezembro de 2019) | I79: 0.0381 | J79: =ROUND($J$29*I79,2) -> 62.36 | K79: 64.68
A80: Total | J80: =SUM(J74:J79) -> 113.46382 | L80: FGTS x APT =[8% x( 40%+10%)] x [(1+1/12+1/12+(1/3*1/12)] x*100 = 4,76% | M80: FGTS x APT =(8% x 40%) x [(1+1/12+1/12+(1/3*1/12)] x 100 = 3,81%
A82: Módulo 4 - Custo de Reposição do Profissional Ausente | L82: Soma das Alíquotas = 0,24% + 4,76% = 5% | M82: Soma das Alíquotas = 0,19% + 3,81% = 4%
A83: Base de cálculo para o Custo de Reposição do Profissional Ausente (substituto): BCCPA = Rem + 13º + Férias + 1/3Férias | J83: =J86+J29+J34+J35 -> 1971.18
A85: 4.1 | B85: Substituto nas Ausências Legais | J85: Valor (R$)
A86: A | B86: Substituto na cobertura de Férias | I86: 0.09075 | J86: =ROUND(($J$29*I86),2) -> 148.54
A87: B | B87: Substituto na cobertura de Ausências Legais Cálculo do valor = [(BCCPA/30)x2,96dias]/12 | J87: =ROUND((($J$83/30)*2.96)/12,2) -> 16.21
A88: C | B88: Substituto na cobertura de Licença-Paternidade Cálculo do valor = {[(BCCPA/30)x5dias]/12}x1,5% | J88: =ROUND((($J$83/30)*5)/12*0.015,2) -> 0.41
A89: D | B89: Substituto na cobertura de Ausência por acidente de trabalho Cálculo do valor = {[(BCCPA/30)x15dias]/12}x0,78% | J89: =ROUND(((($J$83/30)*15)/12)*0.0078,2) -> 0.64
A90: E | B90: Substituto na cobertura de Afastamento Maternidade Cálculo do valor = {[(Rem+1/3Rem)/12]x(4/12)}x1% | J90: =ROUND(((($J$29+$J$29/3)*4/12)/12)*0.01,2) -> 0.61
A91: F | B91: Substituto na cobertura de Ausência por doença Cálculo do valor = [(BCCPA)/30)x5dias]/12 | J91: =ROUND(((($J$83/30)*5)/12),2) -> 27.38
A92: Total | J92: =SUM(J86:J91) -> 193.79
A93: G | B93: Incidência dos encargos do Submódulo 2.2 sobre o total do Submódulo 4.1 | J93: =ROUND(I50*J92,2) -> 71.31
A94: Total | J94: =SUM(J92:J93) -> 265.1
A95: Submódulo 4.2 – Substituto na Intrajornada
A96: 4.2 | B96: Substituto na Intrajornada | J96: Valor (R$)
A97: A | B97: Substituto na cobertura de Intervalo para repouso ou alimentação | J97: 0
A98: Total | J98: 0
A99: B | B99: Incidência dos encargos do Submódulo 2.2 sobre o total do Submódulo 4.2 | J99: =ROUND(I50*J98,2) -> 0
A100: Total | J100: =SUM(J98:J99) -> 0
A102: Quadro-Resumo do Módulo 4 – Custo de Reposição do Profissional Ausente
A103: 4 | B103: Custo de Reposição do Profissional Ausente | J103: Valor (R$)
A104: 4.1 | B104: Ausências Legais | J104: =J94 -> 265.1
A105: 4.2 | B105: Intrajornada | J105: =J100 -> 0
A106: Total | J106: =SUM(J104+J105) -> 265.1
A108: Módulo 5 – Insumos Diversos
A109: 5 | B109: Insumos diversos | J109: Valor (R$)
A110: A | B110: Uniformes | J110: =INSUMOS!E153 -> 40.85
A111: B | B111: EPI's | J111: =INSUMOS!G143 -> 45.301333
A112: C | B112: Equipamentos | J112: =INSUMOS!F181 -> 2.1083333
...

Sheet Aux. Manut. Predial
A1: MANUTENÇÃO PREDIAL - Regime de Tributação: Lucro Real
A2: ANEXO I do TR do Pregão IFSul nº XX/2022 - CONTA VINCULADA Câmpus Pelotas - Visconde da Graça PLANILHA DE CUSTOS E FORMAÇÃO DE PREÇOS
A3: Nº do processo: | H3: 23341.000967.2021-69
A4: Licitação nº:
A5: Dia:
A6: DISCRIMINAÇÃO DOS SERVIÇOS (DADOS REFERENTES À CONTRATAÇÃO)
A7: A | B7: Data de apresentação da proposta (dia/mês/ano)
A8: B | B8: Município/UF | H8: Pelotas/RS
A9: C | B9: Ano do Acordo, Convenção ou Dissídio Coletivo | H9: RS000047/2020 - SINDUSCON
A10: D | B10: Número de meses de execução contratual | H10: 12
A12: 1. MÓDULOS Mão de obra Mão de obra vinculada à execução contratual
A14: Dados para composição dos custos referente à mão de obra
A15: 1 | B15: Tipo de Serviço (mesmo serviço com características distintas) | H15: Manutenção Predial
A16: 2 | B16: Classificação Brasileira de Ocupações (CBO) | H16: 5143-10
A17: 3 | B17: Salário Normativo da Categoria Profissional - para a jornada de 44 h/sem | H17: 1281.74
A18: 4 | B18: Categoria Profissional (vinculada à execução contratual) | H18: Auxiliar de Manutenção Predial
A19: 5 | B19: Data-Base da Categoria (dia/mês/ano) | H19: 1° de maio
A21: Módulo 1: Composição da Remuneração
A22: 1 | B22: Composição da Remuneração | H22: Percentual (R$) | J22: Valor (R$)
A23: A | B23: Salário-Base (valor para somente 1 Aux. de Manutenção Predial - 44h/semana) | J23: =H17 -> 1281.74
A24: B | B24: Adicional de Periculosidade | I24: 0 | J24: =ROUND(I24*J23,2) -> 0
A25: C | B25: Adicional Noturno
A26: D | B26: Adicional de Hora Noturna Reduzida
A27: E | B27: Adicional de Hora Extra no Feriado Trabalhado
A28: B | B28: Adicional de Insalubridade | I28: 0 | J28: =ROUND(I28*J23,2) -> 0
A29: Total | J29: =SUM(J23:J28) -> 1281.74
A31: Módulo 2 – Encargos e Benefícios Anuais, Mensais e Diários
A32: Submódulo 2.1 – 13º (décimo terceiro) Salário e Adicional de Férias
A33: 2.1 | B33: 13º (décimo terceiro) Salário e Adicional de Férias | J33: Valor (R$)
A34: A | B34: 13º (décimo terceiro) Salário Obrigatória a cotação de 8,33% sobre o valor do Módulo 1 – Composição da Remuneração, conforme Anexo XII da IN 5/17 | I34: 0.0833 | J34: =ROUND($J$29*I34,2) -> 106.77
A35: B | B35: Adicional de Férias Obrigatória a cotação de 3,025% sobre o valor do Módulo 1 – Composição da Remuneração, conforme Anexo XII da IN 5/17 (Férias + Adicional = 9,075% + 3,025% = 12,10%) | I35: 0.03025 | J35: =ROUND($J$29*I35,2) -> 38.77
A36: Total | J36: =SUM(J34+J35) -> 145.54
A37: C | B37: Incidência dos encargos do Submódulo 2.2 sobre o total do Submódulo 2.1 | J37: =ROUND(I50*J36,2) -> 53.56
A38: Total | J38: =J36+J37 -> 199.1
A40: Submódulo 2.2 - Encargos Previdenciários (GPS), Fundo de Garantia por Tempo de Serviço (FGTS) e outras contribuições
A41: 2.2 | B41: GPS, FGTS e outras contribuições | I41: Percentual (%) | J41: Valor (R$)
A42: A | B42: INSS | I42: 0.2 | J42: =ROUND($J$29*I42,2) -> 256.35
A43: B | B43: Salário Educação | I43: 0.025 | J43: =ROUND($J$29*I43,2) -> 32.04
A44: C | B44: RAT x FAP | E44: RAT = | F44: 0.03 | G44: FAP = | H44: 1 | I44: 0.03 | J44: =ROUND($J$29*I44,2) -> 38.45
A45: D | B45: SESC ou SESI | I45: 0.015 | J45: =ROUND($J$29*I45,2) -> 19.23
A46: E | B46: SENAC ou SENAI | I46: 0.01 | J46: =ROUND($J$29*I46,2) -> 12.82
A47: F | B47: SEBRAE | I47: 0.006 | J47: =ROUND($J$29*I47,2) -> 7.69
A48: G | B48: INCRA | I48: 0.002 | J48: =ROUND($J$29*I48,2) -> 2.56
A49: H | B49: FGTS | I49: 0.08 | J49: =ROUND($J$29*I49,2) -> 102.54
A50: Total | I50: =SUM(I42:I49) -> 0.368 | J50: =SUM(J42:J49) -> 471.68
A52: Submódulo 2.3 – Benefícios Mensais e Diários
A53: 2.3 | B53: Benefícios Mensais e Diários | J53: Valor (R$)
A54: A | B54: Transporte Cálculo do valor: [(2xVTx22) – (6%xSB)] | J54: =IF(ROUND((I57*I55*I56)-(J23*0.06),2)<0,0,ROUND((I57*I55*I56)-(J23*0.06),2))*1+(I55*I56*21.726-0.06*J23)*0 -> 121.1
B55: A.1) Valor da passagem do transporte coletivo no município de prestação dos serviços: | I55: 4.5 | J55: -
B56: A.2) Quantidade de passagens por dia por empregado: | I56: 2 | J56: -
B57: A.3) Quantidade de dias do mês de recebimento de passagens | I57: 22 | J57: -
A58: B | B58: Auxílio-Refeição/Alimentação Cálculo do valor = [(22xVA)x(1-0,19)] | J58: =ROUND(I60*I59*(1-0.18),2)*1+ROUND(21.726*6*(1-0.18),2)*0 -> 0
B59: B.1) Valor do auxílio-alimentação (Não Consta na CCT MTE: RS000047/2020) | I59: 0 | J59: -
B60: B.2) Quantidade de dias do mês de recebimento de auxílio-alimentação | I60: 22 | J60: -
A61: C | B61: Seguro contra riscos de acidente de trabalho (Não Consta na CCT MTE: RS000047/2020) | J61: 0
A62: D | B62: Auxílio Educação (cláusula 13 da CCT 2020) MTE: RS000047/2020 | J62: 32.5
A63: Total | J63: =SUM(J54:J62) -> 153.6
A65: Quadro-Resumo do Módulo 2 – Encargos e Benefícios Anuais, Mensais e Diários
A66: 2 | B66: Encargos e Benefícios Anuais, Mensais e Diários | J66: Valor (R$)
A67: 2.1 | C67: 13º (décimo terceiro) Salário e Adicional de Férias | J67: =J38 -> 199.1
A68: 2.2 | C68: GPS, FGTS e outras contribuições | J68: =J50 -> 471.68
A69: 2.3 | C69: Benefícios Mensais e Diários | J69: =J63 -> 153.6
A70: Total | J70: =SUM(J67+J68+J69) -> 824.38
A72: Módulo 3 - Provisão para Rescisão | L72: DEMONSTRATIVO DAS ALÍQUOTAS DE CUSTO ANTES E APÓS A LEI 13.932/2019
A73: 3 | B73: Provisão para Rescisão | J73: Valor (R$) | L73: ANTES DA LEI 13.932/2019 | M73: DEPOIS DA LEI 13.932/2019
A74: A | B74: Aviso Prévio Indenizado Aviso-prévio indenizado Cálculo do valor = {Rem/12 + 13º/12=(Rem/12)/12 + Férias/12=(Rem/12)/12 + (1/3xFérias)/12=1/3x[(Rem/12)/12]} x (30/30=1) x 5% de rotatividade anual - Os reflexos de 13º, F e 1/3F são referentes a 1 mês de APInd - Na prorrogação, poderão ser considerados 3 dias conforme Lei nº 12.506/2011, dependendo da análise do nº de ocorrências deste evento no período | J74: =ROUND((($J$29/12)+($J$34/12)+($J$29/12/12)+($J$35/12))*(30/30)*0.05,2) -> 6.39 | L74: MULTA FGTS E 10% CONTRIBUIÇAO SOBRE O AVISO PRÉVIO INDENIZADO | M74: MULTA FGTS SOBRE O AVISO PRÉVIO INDENIZADO
A75: B | B75: Incidência do FGTS sobre o Aviso Prévio Indenizado | J75: =ROUND($J$74*I49,2) -> 0.51
A76: C | B76: Multa do FGTS e contribuição social sobre o Aviso Prévio Indenizado Obrigatória a cotação de 0,19% sobre o valor do Módulo 1 – Composição da Remuneração, conforme Anexo XII da IN Seges nº 5/2017 (0,19% + 3,81%= 4,0%) - (Lei 13.932, de 11 de dezembro de 2019) | I76: 0.0019 | J76: =ROUND($J$29*I76,2) -> 2.44 | L76: FGTS x API =[8% x( 40%+10%)] x [(1+1/12+1/12+(1/3*1/12)] x *5%*100 = 0,24% | M76: FGTS x API =(8% x 40%) x [(1+1/12+1/12+(1/3*1/12)] x *5%*100 = 0,19%
A77: D | B77: Aviso Prévio Trabalhado (negociar extinção/redução na 1ª prorrogação) Cálculo do valor= [(Rem/30)x7]/12 meses do contratox90% dos empregados - ao final do contrato | J77: =(J29/30*7)/12*0.9 -> 22.43045
A78: E | B78: Incidência dos encargos do Submódulo 2.2 sobre o Aviso Prévio Trabalhado | J78: =ROUND($I$50*J77,2) -> 8.25 | L78: MULTA FGTS E 10% CONTRIBUIÇAO SOBRE O AVISO PRÉVIO TRABALHADO | M78: MULTA FGTS SOBRE O AVISO PRÉVIO TRABALHADO
A79: F | B79: Multa do FGTS e contribuição social sobre o Aviso Prévio Trabalhado Obrigatória a cotação de 3,81% sobre o valor do Módulo 1 – Composição da Remuneração, conforme Anexo XII da IN Seges nº 5/2017 (3,81%+0,19% = 4,0%) - (Lei 13.932, de 11 de dezembro de 2019) | I79: 0.0381 | J79: =ROUND($J$29*I79,2) -> 48.83
A80: Total | J80: =SUM(J74:J79) -> 88.85045 | L80: FGTS x APT =[8% x( 40%+10%)] x [(1+1/12+1/12+(1/3*1/12)] x*100 = 4,76% | M80: FGTS x APT =(8% x 40%) x [(1+1/12+1/12+(1/3*1/12)] x 100 = 3,81%
A82: Módulo 4 - Custo de Reposição do Profissional Ausente | L82: Soma das Alíquotas = 0,24% + 4,76% = 5% | M82: Soma das Alíquotas = 0,19% + 3,81% = 4%
A83: Base de cálculo para o Custo de Reposição do Profissional Ausente (substituto): BCCPA = Rem + 13º + Férias + 1/3Férias | J83: =J86+J29+J34+J35 -> 1543.6
A85: 4.1 | B85: Substituto nas Ausências Legais | J85: Valor (R$)
A86: A | B86: Substituto na cobertura de Férias | I86: 0.09075 | J86: =ROUND(($J$29*I86),2) -> 116.32
A87: B | B87: Substituto na cobertura de Ausências Legais Cálculo do valor = [(BCCPA/30)x2,96dias]/12 | J87: =ROUND((($J$83/30)*2.96)/12,2) -> 12.69
A88: C | B88: Substituto na cobertura de Licença-Paternidade Cálculo do valor = {[(BCCPA/30)x5dias]/12}x1,5% | J88: =ROUND((($J$83/30)*5)/12*0.015,2) -> 0.32
A89: D | B89: Substituto na cobertura de Ausência por acidente de trabalho Cálculo do valor = {[(BCCPA/30)x15dias]/12}x0,78% | J89: =ROUND(((($J$83/30)*15)/12)*0.0078,2) -> 0.5
A90: E | B90: Substituto na cobertura de Afastamento Maternidade Cálculo do valor = {[(Rem+1/3Rem)/12]x(4/12)}x2% | J90: =ROUND(((($J$29+$J$29/3)*4/12)/12)*0.01,2) -> 0.47
A91: F | B91: Substituto na cobertura de Ausência por doença Cálculo do valor = [(BCCPA)/30)x5dias]/12 | J91: =ROUND(((($J$83/30)*5)/12),2) -> 21.44
A92: Total | J92: =SUM(J86:J91) -> 151.74
A93: G | B93: Incidência dos encargos do Submódulo 2.2 sobre o total do Submódulo 4.1 | J93: =ROUND(I50*J92,2) -> 55.84
A94: Total | J94: =SUM(J92:J93) -> 207.58
A95: Submódulo 4.2 – Substituto na Intrajornada
A96: 4.2 | B96: Substituto na Intrajornada | J96: Valor (R$)
A97: A | B97: Substituto na cobertura de Intervalo para repouso ou alimentação | J97: 0
A98: Total | J98: 0
A99: B | B99: Incidência dos encargos do Submódulo 2.2 sobre o total do Submódulo 4.2 | J99: =ROUND(I50*J98,2) -> 0
A100: Total | J100: =SUM(J98:J99) -> 0
A102: Quadro-Resumo do Módulo 4 – Custo de Reposição do Profissional Ausente
A103: 4 | B103: Custo de Reposição do Profissional Ausente | J103: Valor (R$)
A104: 4.1 | B104: Ausências Legais | J104: =J94 -> 207.58
A105: 4.2 | B105: Intrajornada | J105: =J100 -> 0
A106: Total | J106: =SUM(J104+J105) -> 207.58
A108: Módulo 5 – Insumos Diversos
A109: 5 | B109: Insumos diversos | J109: Valor (R$)
A110: A | B110: Uniformes | J110: =INSUMOS!E178 -> 40.85
A111: B | B111: EPI's | J111: =INSUMOS!G168 -> 39.988
A112: C | B112: Equipamentos | J112: =INSUMOS!F181 -> 2.1083333
...

Sheet INSUMOS
A1: EQUIPAMENTOS | B1: Unidade | C1: Quantidade a disponibilizar | D1: Depreciação (em meses) | E1: Quantidade Anual | F1: Valor Unitário | G1: Custo Anual
A2: Ponto biométrico | B2: pç | C2: 1 | D2: 60 | E2: =12/D2*C2 -> 0.2 | F2: 1265 | G2: =E2*F2 -> 253
A3: CUSTO ANUAL DOS EQUIPAMENTOS | G3: =SUM(G2:G2) -> 253
A4: CUSTO MENSAL DOS EQUIPAMENTOS | G4: =G3/12 -> 21.083333
A6: EPI's Eletricista | B6: Unidade | C6: Quantidade a disponibilizar | D6: Depreciação (em meses) | E6: Quantidade Anual | F6: Valor Unitário | G6: Custo Anual
A7: Botina de segurança com elástico lateral, confeccionado em couro lixado, CA 32.807. | B7: par | C7: 2 | D7: 6 | E7: =12/D7*C7 -> 4 | F7: 51.4 | G7: =E7*F7 -> 205.6
A8: Capa de chuva, fechamento com botões, com capuz, em pvc resistente. | B8: unidade | C8: 2 | D8: 6 | E8: =12/D8*C8 -> 4 | F8: 16.98 | G8: =E8*F8 -> 67.92
A9: Capacete de segurança, cor cinza, confeccionado em polietileno, espuma hipoalérgica, tipo boné (aba frontal) com carneira sem jugular CA 29.792. | B9: unidade | C9: 1 | D9: 12 | E9: =12/D9*C9 -> 1 | F9: 16.42 | G9: =E9*F9 -> 16.42
A10: Cinto de segurança, tipo paraquedista , confeccionado em fita de poliéster, ajuste peitoral e com almofada para proteção lombar, (com tabalarte), CA 35.520. | B10: unidade | C10: 1 | D10: 60 | E10: =12/D10*C10 -> 0.2 | F10: 124.78 | G10: =E10*F10 -> 24.956
A11: Luva de segurança, confeccionada em tecido de algodão e tricotada em 3 fios, palma com pigmentos antiderrapantes de PVC, punho com elástico CA 34.491. | B11: par | C11: 2 | D11: 6 | E11: =12/D11*C11 -> 4 | F11: 3.53 | G11: =E11*F11 -> 14.12
A12: Luva de segurança, tipo vaqueta cano curto, com reforço, confeccionada em vaqueta natural, e elástico no dorso, CA 30.837 . | B12: par | C12: 2 | D12: 6 | E12: =12/D12*C12 -> 4 | F12: 11.57 | G12: =E12*F12 -> 46.28
A13: Luva de segurança, tipo vaqueta cano longo com reforço, confeccionada em vaqueta natural, e elástico no dorso, CA 30.837 . | B13: par | C13: 2 | D13: 6 | E13: =12/D13*C13 -> 4 | F13: 11.57 | G13: =E13*F13 -> 46.28
A14: Máscara de proteção, tipo Pff2 P2, sem válvula, confeccionada em tecido, CA 38.510. | B14: unidade | C14: 6 | D14: 6 | E14: =12/D14*C14 -> 12 | F14: 2.05 | G14: =E14*F14 -> 24.6
A15: Óculos de proteção, lente incolor, confeccionado em policarbonato óptico, armação em nylon e haste com comprimento regulável, CA 10.346. | B15: unidade | C15: 2 | D15: 6 | E15: =12/D15*C15 -> 4 | F15: 3.61 | G15: =E15*F15 -> 14.44
A16: Protetor auricular tipo plug, de silicone, composto de 3 flanges, com cordão de algodão; CA 29847. | B16: par | C16: 2 | D16: 6 | E16: =12/D16*C16 -> 4 | F16: 1.15 | G16: =E16*F16 -> 4.6
A17: Protetor Solar Fator 30, bisnaga 120 ml. | B17: unidade | C17: 2 | D17: 12 | E17: =12/D17*C17 -> 2 | F17: 7.32 | G17: =E17*F17 -> 14.64
A18: CUSTO ANUAL DOS EPI's PARA 1 ELETRICISTA | G18: =SUM(G7:G17) -> 479.856
A19: CUSTO MENSAL DOS EPI's 1 ELETRICISTA | G19: =G18/12 -> 39.988
A21: UNIFORMES - Eletricista | B21: Unidade | C21: Quantidade Anual | D21: Valor Unitário | E21: Custo Anual
A22: Blusa de Moletom com nome e logotipo da empresa, fechada, malha flanelada, composição 100% algodão, cor escura, decote redondo, com punho e barras em ribana profissional | B22: unidade | C22: 2 | D22: 42.61 | E22: =C22*D22 -> 85.22
A23: Calça e Camisa (Jaleco) Manga Longa NR-10 Anti chama – ATPV 11 Cal/cm2 com C.A; | B23: unidade | C23: 6 | D23: 290.2 | E23: =C23*D23 -> 1741.2
A24: Camiseta de algodão manga curta com logotipo da empresa | B24: unidade | C24: 4 | D24: 10.24 | E24: =C24*D24 -> 40.96
A25: Camiseta de algodão manga longa com logotipo da empresa | B25: unidade | C25: 4 | D25: 10.86 | E25: =C25*D25 -> 43.44
A26: Jaqueta (malha não colegial) escura e firme em nylon com forração de manta têxtil e tecido 100% poliéster, com gola normal, bolsos laterais e fechamento com zíper, com logotipo e nome da CONTRATADA; | B26: unidade | C26: 1 | D26: 130.96 | E26: =C26*D26 -> 130.96
A27: CUSTO ANUAL DOS UNIFORMES PARA 1 ELETRICISTA | E27: =SUM(E22:E26) -> 2041.78
A28: CUSTO MENSAL DOS UNIFORMES PARA 1 ELETRICISTA | E28: =E27/12 -> 170.14833
A30: EPI's Pedreiro | B30: Unidade | C30: Quantidade a disponibilizar | D30: Depreciação (em meses) | E30: Quantidade Anual | F30: Valor Unitário | G30: Custo Anual
A31: Botina de segurança com elástico lateral, confeccionado em couro lixado, CA 32.807. | B31: par | C31: 2 | D31: 6 | E31: =12/D31*C31 -> 4 | F31: 51.4 | G31: =E31*F31 -> 205.6
A32: Capa de chuva, fechamento com botões, com capuz, em pvc resistente. | B32: unidade | C32: 2 | D32: 6 | E32: =12/D32*C32 -> 4 | F32: 16.98 | G32: =E32*F32 -> 67.92
A33: Capacete de segurança, cor cinza, confeccionado em polietileno, espuma hipoalérgica, tipo boné (aba frontal) com carneira sem jugular CA 29.792. | B33: unidade | C33: 1 | D33: 12 | E33: =12/D33*C33 -> 1 | F33: 16.42 | G33: =E33*F33 -> 16.42
A34: Cinto de segurança, tipo paraquedista , confeccionado em fita de poliéster, ajuste peitoral e com almofada para proteção lombar, (com tabalarte), CA 35.520. | B34: unidade | C34: 1 | D34: 60 | E34: =12/D34*C34 -> 0.2 | F34: 124.78 | G34: =E34*F34 -> 24.956
A35: Luva de segurança, confeccionada em tecido de algodão e tricotada em 3 fios, palma com pigmentos antiderrapantes de PVC, punho com elástico CA 34.491. | B35: par | C35: 2 | D35: 6 | E35: =12/D35*C35 -> 4 | F35: 3.53 | G35: =E35*F35 -> 14.12
A36: Luva de segurança, tipo vaqueta cano curto, com reforço, confeccionada em vaqueta natural, e elástico no dorso, CA 30.837 . | B36: par | C36: 2 | D36: 6 | E36: =12/D36*C36 -> 4 | F36: 11.57 | G36: =E36*F36 -> 46.28
A37: Luva de segurança, tipo vaqueta cano longo com reforço, confeccionada em vaqueta natural, e elástico no dorso, CA 30.837 . | B37: par | C37: 2 | D37: 6 | E37: =12/D37*C37 -> 4 | F37: 11.57 | G37: =E37*F37 -> 46.28
A38: Máscara de proteção, tipo Pff2 P2, sem válvula, confeccionada em tecido, CA 38.510. | B38: unidade | C38: 6 | D38: 6 | E38: =12/D38*C38 -> 12 | F38: 2.05 | G38: =E38*F38 -> 24.6
A39: Óculos de proteção, lente incolor, confeccionado em policarbonato óptico, armação em nylon e haste com comprimento regulável, CA 10.346. | B39: unidade | C39: 2 | D39: 6 | E39: =12/D39*C39 -> 4 | F39: 3.61 | G39: =E39*F39 -> 14.44
A40: Protetor auricular tipo plug, de silicone, composto de 3 flanges, com cordão de algodão; CA 29847. | B40: par | C40: 2 | D40: 6 | E40: =12/D40*C40 -> 4 | F40: 1.15 | G40: =E40*F40 -> 4.6
A41: Protetor Solar Fator 30, bisnaga 120 ml. | B41: unidade | C41: 2 | D41: 12 | E41: =12/D41*C41 -> 2 | F41: 7.32 | G41: =E41*F41 -> 14.64
A42: CUSTO ANUAL DOS EPI's PARA 1 PEDREIRO | G42: =SUM(G31:G41) -> 479.856
A43: CUSTO MENSAL DOS EPI's 1 PEDREIRO | G43: =G42/12 -> 39.988
A45: UNIFORMES - Pedreiro | B45: Unidade | C45: Quantidade Anual | D45: Valor Unitário | E45: Custo Anual
A46: Blusa de Moletom com nome e logotipo da empresa, fechada, malha flanelada, composição 100% algodão, cor escura, decote redondo, com punho e barras em ribana profissional | B46: unidade | C46: 2 | D46: 42.61 | E46: =C46*D46 -> 85.22
A47: Camiseta de algodão manga curta com logotipo da empresa | B47: unidade | C47: 4 | D47: 10.24 | E47: =C47*D47 -> 40.96
A48: Camiseta de algodão manga longa com logotipo da empresa | B48: unidade | C48: 4 | D48: 10.86 | E48: =C48*D48 -> 43.44
A49: Calça de sarja/brim com costura reforçada, 2 bolsos frontais e 1 traseiro, elástico e cordinha | B49: unidade | C49: 6 | D49: 19.96 | E49: =C49*D49 -> 119.76
A50: Jaleco de tecido leve na cor escura e firme com logotipo da empresa | B50: unidade | C50: 2 | D50: 34.93 | E50: =C50*D50 -> 69.86
A51: Jaqueta (malha não colegial) escura e firme em nylon com forração de manta têxtil e tecido 100% poliéster, com gola normal, bolsos laterais e fechamento com zíper, com logotipo e nome da CONTRATADA; | B51: unidade | C51: 1 | D51: 130.96 | E51: =C51*D51 -> 130.96
A52: CUSTO ANUAL DOS UNIFORMES PARA 1 PEDREIRO | E52: =SUM(E46:E51) -> 490.2
A53: CUSTO MENSAL DOS UNIFORMES PARA 1 PEDREIRO | E53: =E52/12 -> 40.85
A55: EPI's Servente de Obras | B55: Unidade | C55: Quantidade a disponibilizar | D55: Depreciação (em meses) | E55: Quantidade Anual | F55: Valor Unitário | G55: Custo Anual
A56: Botina de segurança com elástico lateral, confeccionado em couro lixado, CA 32.807. | B56: par | C56: 2 | D56: 6 | E56: =12/D56*C56 -> 4 | F56: 51.4 | G56: =E56*F56 -> 205.6
A57: Capa de chuva, fechamento com botões, com capuz, em pvc resistente. | B57: unidade | C57: 2 | D57: 6 | E57: =12/D57*C57 -> 4 | F57: 16.98 | G57: =E57*F57 -> 67.92
A58: Capacete de segurança, cor cinza, confeccionado em polietileno, espuma hipoalérgica, tipo boné (aba frontal) com carneira sem jugular CA 29.792. | B58: unidade | C58: 1 | D58: 12 | E58: =12/D58*C58 -> 1 | F58: 16.42 | G58: =E58*F58 -> 16.42
A59: Cinto de segurança, tipo paraquedista , confeccionado em fita de poliéster, ajuste peitoral e com almofada para proteção lombar, (com tabalarte), CA 35.520. | B59: unidade | C59: 1 | D59: 60 | E59: =12/D59*C59 -> 0.2 | F59: 124.78 | G59: =E59*F59 -> 24.956
A60: Luva de segurança, confeccionada em tecido de algodão e tricotada em 3 fios, palma com pigmentos antiderrapantes de PVC, punho com elástico CA 34.491. | B60: par | C60: 2 | D60: 6 | E60: =12/D60*C60 -> 4 | F60: 3.53 | G60: =E60*F60 -> 14.12
A61: Luva de segurança, tipo vaqueta cano curto, com reforço, confeccionada em vaqueta natural, e elástico no dorso, CA 30.837 . | B61: par | C61: 2 | D61: 6 | E61: =12/D61*C61 -> 4 | F61: 11.57 | G61: =E61*F61 -> 46.28
A62: Luva de segurança, tipo vaqueta cano longo com reforço, confeccionada em vaqueta natural, e elástico no dorso, CA 30.837 . | B62: par | C62: 2 | D62: 6 | E62: =12/D62*C62 -> 4 | F62: 11.57 | G62: =E62*F62 -> 46.28
A63: Máscara de proteção, tipo Pff2 P2, sem válvula, confeccionada em tecido, CA 38.510. | B63: unidade | C63: 6 | D63: 6 | E63: =12/D63*C63 -> 12 | F63: 2.05 | G63: =E63*F63 -> 24.6
A64: Óculos de proteção, lente incolor, confeccionado em policarbonato óptico, armação em nylon e haste com comprimento regulável, CA 10.346. | B64: unidade | C64: 2 | D64: 6 | E64: =12/D64*C64 -> 4 | F64: 3.61 | G64: =E64*F64 -> 14.44
A65: Protetor auricular tipo plug, de silicone, composto de 3 flanges, com cordão de algodão; CA 29847. | B65: par | C65: 2 | D65: 6 | E65: =12/D65*C65 -> 4 | F65: 1.15 | G65: =E65*F65 -> 4.6
A66: Protetor Solar Fator 30, bisnaga 120 ml. | B66: unidade | C66: 2 | D66: 12 | E66: =12/D66*C66 -> 2 | F66: 7.32 | G66: =E66*F66 -> 14.64
A67: CUSTO ANUAL DOS EPI's PARA 1 SERVENTE DE OBRAS | G67: =SUM(G56:G66) -> 479.856
A68: CUSTO MENSAL DOS EPI's 1 SERVENTE DE OBRAS | G68: =G67/12 -> 39.988
A70: UNIFORMES - Servente de Obras | B70: Unidade | C70: Quantidade Anual | D70: Valor Unitário | E70: Custo Anual
A71: Blusa de Moletom com nome e logotipo da empresa, fechada, malha flanelada, composição 100% algodão, cor escura, decote redondo, com punho e barras em ribana profissional | B71: unidade | C71: 2 | D71: 42.61 | E71: =C71*D71 -> 85.22
A72: Camiseta de algodão manga curta com logotipo da empresa | B72: unidade | C72: 4 | D72: 10.24 | E72: =C72*D72 -> 40.96
A73: Camiseta de algodão manga longa com logotipo da empresa | B73: unidade | C73: 4 | D73: 10.86 | E73: =C73*D73 -> 43.44
A74: Calça de sarja/brim com costura reforçada, 2 bolsos frontais e 1 traseiro, elástico e cordinha | B74: unidade | C74: 6 | D74: 19.96 | E74: =C74*D74 -> 119.76
A75: Jaleco de tecido leve na cor escura e firme com logotipo da empresa | B75: unidade | C75: 2 | D75: 34.93 | E75: =C75*D75 -> 69.86
A76: Jaqueta (malha não colegial) escura e firme em nylon com forração de manta têxtil e tecido 100% poliéster, com gola normal, bolsos laterais e fechamento com zíper, com logotipo e nome da CONTRATADA; | B76: unidade | C76: 1 | D76: 130.96 | E76: =C76*D76 -> 130.96
A77: CUSTO ANUAL DOS UNIFORMES PARA 1 SERVENTE DE OBRAS | E77: =SUM(E71:E76) -> 490.2
A78: CUSTO MENSAL DOS UNIFORMES PARA 1 SERVENTE DE OBRAS | E78: =E77/12 -> 40.85
A80: EPI's Pintor de Obras | B80: Unidade | C80: Quantidade a disponibilizar | D80: Depreciação (em meses) | E80: Quantidade Anual | F80: Valor Unitário | G80: Custo Anual
A81: Botina de segurança com elástico lateral, confeccionado em couro lixado, CA 32.807. | B81: par | C81: 2 | D81: 6 | E81: =12/D81*C81 -> 4 | F81: 51.4 | G81: =E81*F81 -> 205.6
A82: Capa de chuva, fechamento com botões, com capuz, em pvc resistente. | B82: unidade | C82: 2 | D82: 6 | E82: =12/D82*C82 -> 4 | F82: 16.98 | G82: =E82*F82 -> 67.92
A83: Capacete de segurança, cor cinza, confeccionado em polietileno, espuma hipoalérgica, tipo boné (aba frontal) com carneira sem jugular CA 29.792. | B83: unidade | C83: 1 | D83: 12 | E83: =12/D83*C83 -> 1 | F83: 16.42 | G83: =E83*F83 -> 16.42
A84: Cinto de segurança, tipo paraquedista , confeccionado em fita de poliéster, ajuste peitoral e com almofada para proteção lombar, (com tabalarte), CA 35.520. | B84: unidade | C84: 1 | D84: 60 | E84: =12/D84*C84 -> 0.2 | F84: 124.78 | G84: =E84*F84 -> 24.956
A85: Luva de segurança, confeccionada em tecido de algodão e tricotada em 3 fios, palma com pigmentos antiderrapantes de PVC, punho com elástico CA 34.491. | B85: par | C85: 2 | D85: 6 | E85: =12/D85*C85 -> 4 | F85: 3.53 | G85: =E85*F85 -> 14.12
A86: Luva de segurança, tipo vaqueta cano curto, com reforço, confeccionada em vaqueta natural, e elástico no dorso, CA 30.837 . | B86: par | C86: 2 | D86: 6 | E86: =12/D86*C86 -> 4 | F86: 11.57 | G86: =E86*F86 -> 46.28
A87: Máscara de proteção, tipo Pff2 P2, sem válvula, confeccionada em tecido, CA 38.510. | B87: unidade | C87: 6 | D87: 6 | E87: =12/D87*C87 -> 12 | F87: 2.05 | G87: =E87*F87 -> 24.6
A88: Óculos de proteção, lente incolor, confeccionado em policarbonato óptico, armação em nylon e haste com comprimento regulável, CA 10.346. | B88: unidade | C88: 2 | D88: 6 | E88: =12/D88*C88 -> 4 | F88: 3.61 | G88: =E88*F88 -> 14.44
A89: Protetor auricular tipo plug, de silicone, composto de 3 flanges, com cordão de algodão; CA 29847. | B89: par | C89: 2 | D89: 6 | E89: =12/D89*C89 -> 4 | F89: 1.15 | G89: =E89*F89 -> 4.6
A90: Protetor Solar Fator 30, bisnaga 120 ml. | B90: unidade | C90: 2 | D90: 12 | E90: =12/D90*C90 -> 2 | F90: 7.32 | G90: =E90*F90 -> 14.64
A91: CUSTO ANUAL DOS EPI's PARA 1 PINTOR DE OBRAS | G91: =SUM(G81:G90) -> 433.576
A92: CUSTO MENSAL DOS EPI's 1 PINTOR DE OBRAS | G92: =G91/12 -> 36.131333
A94: UNIFORMES - Pintor de Obras | B94: Unidade | C94: Quantidade Anual | D94: Valor Unitário | E94: Custo Anual
A95: Blusa de Moletom com nome e logotipo da empresa, fechada, malha flanelada, composição 100% algodão, cor escura, decote redondo, com punho e barras em ribana profissional | B95: unidade | C95: 2 | D95: 42.61 | E95: =C95*D95 -> 85.22
A96: Camiseta de algodão manga curta com logotipo da empresa | B96: unidade | C96: 4 | D96: 10.24 | E96: =C96*D96 -> 40.96
A97: Camiseta de algodão manga longa com logotipo da empresa | B97: unidade | C97: 4 | D97: 10.86 | E97: =C97*D97 -> 43.44
A98: Calça de sarja/brim com costura reforçada, 2 bolsos frontais e 1 traseiro, elástico e cordinha | B98: unidade | C98: 6 | D98: 19.96 | E98: =C98*D98 -> 119.76
A99: Jaleco de tecido leve na cor escura e firme com logotipo da empresa | B99: unidade | C99: 2 | D99: 34.93 | E99: =C99*D99 -> 69.86
A100: Jaqueta (malha não colegial) escura e firme em nylon com forração de manta têxtil e tecido 100% poliéster, com gola normal, bolsos laterais e fechamento com zíper, com logotipo e nome da CONTRATADA; | B100: unidade | C100: 1 | D100: 130.96 | E100: =C100*D100 -> 130.96
A101: CUSTO ANUAL DOS UNIFORMES PARA 1 PINTOR DE OBRAS | E101: =SUM(E95:E100) -> 490.2
A102: CUSTO MENSAL DOS UNIFORMES PARA 1 PINTOR DE OBRAS | E102: =E101/12 -> 40.85
A104: EPI's Serralheiro | B104: Unidade | C104: Quantidade a disponibilizar | D104: Depreciação (em meses) | E104: Quantidade Anual | F104: Valor Unitário | G104: Custo Anual
A105: Avental de soldador,em raspa de couro, comprimento 1,20m, largura 70cm, inteiriço, sem emendas, com fivela e tira para ajuste. | B105: unidade | C105: 1 | D105: 12 | E105: =12/D105*C105 -> 1 | F105: 30.36 | G105: =E105*F105 -> 30.36
A106: Botina de segurança com elástico lateral, confeccionado em couro lixado, CA 32.807. | B106: par | C106: 2 | D106: 6 | E106: =12/D106*C106 -> 4 | F106: 51.4 | G106: =E106*F106 -> 205.6
A107: Capa de chuva, fechamento com botões, com capuz, em pvc resistente. | B107: unidade | C107: 2 | D107: 6 | E107: =12/D107*C107 -> 4 | F107: 16.98 | G107: =E107*F107 -> 67.92
A108: Capacete de segurança, cor cinza, confeccionado em polietileno, espuma hipoalérgica, tipo boné (aba frontal) com carneira sem jugular CA 29.792. | B108: unidade | C108: 1 | D108: 12 | E108: =12/D108*C108 -> 1 | F108: 16.42 | G108: =E108*F108 -> 16.42
A109: Luva de segurança, tipo vaqueta cano longo com reforço, confeccionada em vaqueta natural, e elástico no dorso, CA 30.837 . | B109: par | C109: 2 | D109: 6 | E109: =12/D109*C109 -> 4 | F109: 11.57 | G109: =E109*F109 -> 46.28
...

Sheet RESUMO
A4: QUADRO-RESUMO DOS SERVIÇOS - Regime de Tributação: Lucro Real
A5: ANEXO I do TR do Pregão IFSul nº XX/2022 - CONTA VINCULADA Câmpus Pelotas - Visconde da Graça PLANILHA DE CUSTOS E FORMAÇÃO DE PREÇOS
A6: Nº do processo: | F6: 23341.000967.2021-69
A7: Licitação nº:
A8: Dia:
A9: DISCRIMINAÇÃO DOS SERVIÇOS (DADOS REFERENTES À CONTRATAÇÃO)
A10: A | B10: Data de apresentação da proposta (dia/mês/ano)
A11: B | B11: Município/UF | F11: Pelotas/RS
A12: C | B12: Ano do Acordo, Convenção ou Dissídio Coletivo | F12: RS000047/2020 - SINDUSCON;
A13: D | B13: Número de meses de execução contratual | F13: 12
A14: VALOR MENSAL DOS SERVIÇOS
B15: Tipo de serviço (A) | C15: Valor Proposto por Empregado (B) | D15: Qtde. de Empregados por Posto (C) | E15: Valor Proposto por Posto (D) = (B x C) | F15: Qtde. de Postos (E) | G15: Valor Total do Serviço (F) = (D x E) | I15: Global
A16: I | B16: Eletricista | C16: =Eletricista!J148 -> 5141.1317 | D16: 1 | E16: =C16*D16 -> 5141.1317 | F16: 2 | G16: =PRODUCT(E16:F16) -> 10282.263 | I16: =PRODUCT(G16:H16)*12 -> 123387.16
A17: II | B17: Pedreiro | C17: =Pedreiro!J148 -> 3891.9002 | D17: 1 | E17: =C17*D17 -> 3891.9002 | F17: 1 | G17: =PRODUCT(E17:F17) -> 3891.9002 | I17: =PRODUCT(G17:H17)*12 -> 46702.802
A18: III | B18: Eletricista Reitoria | C18: =Eletricista!J148 -> 5141.1317 | D18: 1 | E18: =C18*D18 -> 5141.1317 | F18: 1 | G18: =PRODUCT(E18:F18) -> 5141.1317 | I18: =PRODUCT(G18:H18)*12 -> 61693.58
A19: IV | B19: Pedreiro Reitoria | C19: =Pedreiro!J148 -> 3891.9002 | D19: 1 | E19: =C19*D19 -> 3891.9002 | F19: 1 | G19: =PRODUCT(E19:F19) -> 3891.9002 | I19: =PRODUCT(G19:H19)*12 -> 46702.802
A20: V | B20: Servente | C20: =Servente!J148 -> 3133.3968 | D20: 1 | E20: =C20*D20 -> 3133.3968 | F20: 1 | G20: =PRODUCT(E20:F20) -> 3133.3968 | I20: =PRODUCT(G20:H20)*12 -> 37600.761
A21: VI | B21: Pintor | C21: =Pintor!J148 -> 3887.0535 | D21: 1 | E21: =C21*D21 -> 3887.0535 | F21: 1 | G21: =PRODUCT(E21:F21) -> 3887.0535 | I21: =PRODUCT(G21:H21)*12 -> 46644.642
A22: VII | B22: Marceneiro | C22: =Marceneiro!J148 -> 3898.5935 | D22: 1 | E22: =C22*D22 -> 3898.5935 | F22: 1 | G22: =PRODUCT(E22:F22) -> 3898.5935 | I22: =PRODUCT(G22:H22)*12 -> 46783.122
A23: VIII | B23: Serralheiro | C23: =Serralheiro!J148 -> 3905.3447 | D23: 1 | E23: =C23*D23 -> 3905.3447 | F23: 1 | G23: =PRODUCT(E23:F23) -> 3905.3447 | I23: =PRODUCT(G23:H23)*12 -> 46864.136
A24: IX | B24: Aux. Manut. Predial | C24: ='Aux. Manut. Predial'!J148 -> 3133.3968 | D24: 1 | E24: =C24*D24 -> 3133.3968 | F24: 1 | G24: =PRODUCT(E24:F24) -> 3133.3968 | I24: =PRODUCT(G24:H24)*12 -> 37600.761
A25: Valor Mensal dos Serviços | G25: =SUM(G16:G24) -> 41164.981 | I25: =SUM(I16:I24) -> 493979.77
A27: QUADRO DEMONSTRATIVO DO VALOR GLOBAL DA PROPOSTA
A28: A | B28: Valor mensal do serviço | G28: 41164.98
A29: B | B29: Número de meses do Contrato | G29: 12
A30: C | B30: Valor Global do Proposta (Valor mensal do serviço x nº de meses do contrato). | G30: =G25*12 -> 493979.77
